 Dungeon Crawl Stone Soup version 0.28.0-53-g5a82cb258f (webtiles) character file.

Game seed: 8822142318207812534

12474339 fictitious the Hill Orc Barricade (level 27, 300/300 HPs)
             Began as a Hill Orc Fighter on June 9, 2022.
             Was the Champion of the Shining One.
             Escaped with the Orb
             ... and 15 runes on June 11, 2022!
             The game lasted 09:14:28 (129189 turns).

fictitious the Hill Orc Barricade (HOFi)          Turns: 129189, Time: 09:14:29

Health: 300/300    AC: 49    Str: 27    XL:     27
Magic:  40/40      EV: 19    Int:  9    God:    the Shining One [******]
Gold:   12166      SH: 32    Dex: 16    Spells: 26/26 levels left

rFire   + + .      SeeInvis .   a - +9 broad axe (holy)
rCold   + . .      Faith    .   q - +3 tower shield {rC+}
rNeg    + + +      Spirit   .   G - +6 gold dragon scales
rPois   +          Reflect  .   X - +2 helmet {Int+3}
rElec   +          Harm     .   W - +2 cloak {Will+}
rCorr   +          Rampage  .   g - +3 pair of gauntlets of War {Slay+5}
Will    ++++.                   s - +2 pair of boots {Fly}
Stlth   ..........              T - dreamshard necklace {*Dream Drain}
HPRegen 0.60/turn               v - ring of Miracles {Fire rElec Will+}
MPRegen 0.27/turn               u - ring "Xacreopn" {rN+ rCorr AC+4}

@: flying, glowing, studying 2 skills
A: large bone plates 1, deformed body, dopey 1, robust 1, shaggy fur 1
0: Orb of Zot
}: 15/15 runes: decaying, slimy, silver, golden, iron, obsidian, icy, bone,
abyssal, demonic, glowing, magical, fiery, dark, gossamer
a: Renounce Religion, Divine Shield, Cleansing Flame, Summon Divine Warrior


You escaped.
You worshipped the Shining One.
The Shining One was exalted by your worship.
You visited 18 branches of the dungeon, and saw 89 of its levels.
You visited Pandemonium 3 times, and saw 14 of its levels.
You visited the Abyss 5 times.
You visited 1 ziggurat, and saw 12 of its levels.
You also visited: Ice Cave.

You collected 16729 gold pieces.
You spent 4563 gold pieces at shops.

Inventory:

Hand Weapons
 a - a +9 broad axe of holy wrath (weapon)
 b - a +3 antimagic broad axe
 z - the +4 staff of Dispater
   (You took it off Dispater on level 7 of the Iron City of Dis)

   It can be evoked to hurl damnation at the cost of health and magic, with
   strength depending on Evocations skill.
   The Shining One disapproves of the use of such an item.
 F - the +3 Elemental Staff {rElec rF++ rC++ AC+5}
   (You took it off a wizard on level 3 of the Depths)

   If the wielder is skilled in Evocations, they can discharge powerful blasts
   of elemental energy when striking with it.
   It enhances your fire, ice, earth and air magic.
   AC:        It affects your AC (+5).
   rF:        It greatly protects you from fire.
   rC:        It greatly protects you from cold.
   rElec:     It insulates you from electricity.
 N - the +7 sceptre of Asmodeus
   (You took it off Asmodeus on level 7 of Gehenna)

   It can be evoked to summon fiery demons, with success rate depending on
   Evocations skill.
   Those summoned this way will remain friendly only for a limited time.
   The Shining One disapproves of the use of such an item.
Missiles
 c - 7 boomerangs of dispersal {god gift}
 m - 4 silver boomerangs
 J - 7 boomerangs
 M - 18 silver javelins (quivered)
 O - 3 throwing nets
 R - 23 javelins
Armour
 g - the +3 pair of gauntlets of War (worn) {Slay+5}
   (You found it on level 5 of the Vaults)

   Slay:      It affects your accuracy & damage with ranged weapons and melee
   (+5).
 q - a +3 tower shield of cold resistance (worn)
 s - a +2 pair of boots of flying (worn)
 G - +6 gold dragon scales (worn)
 W - a +2 cloak of willpower (worn)
 X - a +2 helmet of intelligence (worn)
Jewellery
 h - the ring of Zubit {rF+ rC++ Will+ Slay-6}
   (You found it on level 3 of a ziggurat)

   [ring of willpower]

   Slay:      It affects your accuracy & damage with ranged weapons and melee
   (-6).
   rF:        It protects you from fire.
   rC:        It greatly protects you from cold.
   Will:      It increases your willpower.
 k - the amulet "Mustru Avva" {rElec rC- rN++ Regen+ Dex+4 SInv}
   (You found it in Pandemonium)

   [amulet of regeneration]

   Dex:       It affects your dexterity (+4).
   rC:        It makes you vulnerable to cold.
   rElec:     It insulates you from electricity.
   rN:        It greatly protects you from negative energy.
   SInv:      It lets you see invisible.
   Regen:     It increases your rate of health regeneration.
 o - the ring of Heeci {rC+ Int+3 Slay+3}
   (You found it in an ice cave)

   [ring of protection from cold]

   Int:       It affects your intelligence (+3).
   Slay:      It affects your accuracy & damage with ranged weapons and melee
   (+3).
   rC:        It protects you from cold.
 u - the ring "Xacreopn" (right hand) {rN+ rCorr AC+4}
   (You found it in an ice cave)

   [ring of protection]

   AC:        It affects your AC (+4).
   rN:        It protects you from negative energy.
   rCorr:     It protects you from acid and corrosion.
 v - the ring of Miracles (left hand) {Fire rElec Will+}
   (You found it on level 2 of the Spider Nest)

   [ring of fire]

   It enhances your fire magic.
   rF:        It protects you from fire.
   rC:        It makes you vulnerable to cold.
   rElec:     It insulates you from electricity.
   Will:      It increases your willpower.
 w - the ring "Zoal" {Fly rF+ rN+ Str-3 Dex+8}
   (You found it on level 5 of the Pits of Slime)

   [ring of protection from fire]

   Str:       It affects your strength (-3).
   Dex:       It affects your dexterity (+8).
   rF:        It protects you from fire.
   rN:        It protects you from negative energy.
   Fly:       It grants you flight.
 y - a ring of willpower
 C - the ring "Gabres" {EV+4 Str-4 Int+2 Slay+4}
   (You found it on level 3 of the Tomb of the Ancients)

   [ring of evasion]

   EV:        It affects your evasion (+4).
   Str:       It affects your strength (-4).
   Int:       It affects your intelligence (+2).
   Slay:      It affects your accuracy & damage with ranged weapons and melee
   (+4).
 P - the ring "Carezxu" {Fly Str+6 Dex+4 SInv}
   (You found it on level 3 of the Tomb of the Ancients)

   [ring of strength]

   Str:       It affects your strength (+6).
   Dex:       It affects your dexterity (+4).
   SInv:      It lets you see invisible.
   Fly:       It grants you flight.
 T - the dreamshard necklace (around neck) {*Dream Drain}
   (You found it on level 3 of the Tomb of the Ancients)

   [amulet of nothing]

   It shatters if its wearer takes lethal or near-lethal damage, preventing the
   blow and releasing protective dreams that heal and fight for the wearer.
   Drain:     It drains your maximum health when unequipped.
 Y - the ring of Nemutt {Will+ Str+4}
   (You found it on level 4 of the Depths)

   [ring of willpower]

   Str:       It affects your strength (+4).
   Will:      It increases your willpower.
 Z - the ring "Tedghou" {rElec rC+ Str+2 Int+6 Stlth-}
   (You bought it in a shop on level 2 of the Orcish Mines)

   [ring of intelligence]

   Str:       It affects your strength (+2).
   Int:       It affects your intelligence (+6).
   rC:        It protects you from cold.
   rElec:     It insulates you from electricity.
   Stlth:     It makes you less stealthy.
Wands
 A - a wand of acid (37)
 B - a wand of iceblast (57)
 H - a wand of paralysis (39)
 I - a wand of digging (16)
Scrolls
 f - a scroll of silence
 n - 2 scrolls of magic mapping
 p - 26 scrolls of teleportation
 D - 9 scrolls of blinking {!r}
 E - 12 scrolls of fear
 K - 6 scrolls of fog
Potions
 d - 2 potions of haste {!q}
 e - 5 potions of magic
 j - 5 potions of might
 l - a potion of cancellation
 t - 2 potions of resistance
 x - a potion of ambrosia
 L - 20 potions of curing
 Q - 6 potions of berserk rage
 V - a potion of heal wounds
Miscellaneous
 i - a phantom mirror
 r - a tin of tremorstones (2/2)
 U - a figurine of a ziggurat


   Skills:
 O Level 27 Fighting
 O Level 27 Axes
 - Level 7.9(18.7) Slings
 + Level 25.8(26.1) Throwing
 O Level 27 Armour
 O Level 27 Dodging
 O Level 27 Shields
 O Level 27 Invocations
 - Level 10.0 Evocations


You had 26 spell levels left.
You didn't know any spells.
Your spell library contained the following spells:

 Spells                   Type           Power      Damage    Failure   Level
 Animate Skeleton         Necr           0%         N/A       94%         1
 Beastly Appendage        Tmut           0%         N/A       94%         1
 Foxfire                  Conj/Fire      0%         2x1d4     94%         1
 Freeze                   Ice            0%         1d3       94%         1
 Magic Dart               Conj           0%         1d3       94%         1
 Pain                     Necr           0%         1d4       94%         1
 Slow                     Hex            0%         N/A       94%         1
 Corpse Rot               Necr/Air       0%         N/A       98%         2
 Ensorcelled Hibernation  Hex/Ice        0%         N/A       98%         2
 Passwall                 Tmut/Erth      0%         N/A       98%         2
 Poisonous Vapours        Pois/Air       0%         N/A       98%         2
 Scorch                   Fire           0%         2d5       98%         2
 Searing Ray              Conj           0%         2d4       98%         2
 Static Discharge         Conj/Air       0%         N/A       98%         2
 Sublimation of Blood     Necr           0%         N/A       98%         2
 Wereblood                Tmut           0%         N/A       98%         2
 Call Canine Familiar     Summ           0%         N/A       100%        3
 Confusing Touch          Hex            0%         N/A       100%        3
 Conjure Flame            Conj/Fire      0%         6-21      100%        3
 Frozen Ramparts          Ice            0%         1d2       100%        3
 Gell's Gravitas          Tloc           0%         N/A       100%        3
 Ignite Poison            Fire/Tmut/Pois 0%         N/A       100%        3
 Inner Flame              Hex/Fire       0%         N/A       100%        3
 Lesser Beckoning         Tloc           0%         N/A       100%        3
 Mephitic Cloud           Conj/Pois/Air  0%         N/A       100%        3
 Ozocubu's Armour         Ice            0%         N/A       100%        3
 Portal Projectile        Hex/Tloc       0%         N/A       100%        3
 Spider Form              Tmut/Pois      0%         N/A       100%        3
 Stone Arrow              Conj/Erth      0%         3d7       100%        3
 Swiftness                Air            0%         N/A       100%        3
 Teleport Other           Tloc           0%         N/A       100%        3
 Tukima's Dance           Hex            0%         N/A       100%        3
 Vampiric Draining        Necr           0%         2d6       100%        3
 Airstrike                Air            0%         N/A       100%        4
 Anguish                  Hex/Necr       0%         N/A       100%        4
 Animate Armour           Summ/Erth      0%         N/A       100%        4
 Animate Dead             Necr           0%         N/A       100%        4
 Cause Fear               Hex            0%         N/A       100%        4
 Dispel Undead            Necr           0%         3d6       100%        4
 Fulminant Prism          Conj/Hex       0%         3d6       100%        4
 Hailstorm                Conj/Ice       0%         3d3       100%        4
 Ice Form                 Ice/Tmut       0%         N/A       100%        4
 Iskenderun's Mystic Bla  Conj/Tloc      0%         2d3       100%        4
 Leda's Liquefaction      Hex/Erth       0%         N/A       100%        4
 Passage of Golubria      Tloc           0%         N/A       100%        4
 Petrify                  Tmut/Erth      0%         N/A       100%        4
 Sticky Flame             Conj/Fire      0%         2d3       100%        4
 Summon Ice Beast         Ice/Summ       0%         N/A       100%        4
 Summon Lightning Spire   Summ/Air       0%         N/A       100%        4
 Alistair's Intoxication  Tmut/Pois      0%         N/A       100%        5
 Blade Hands              Tmut           0%         N/A       100%        5
 Borgnjor's Vile Clutch   Necr/Erth      0%         N/A       100%        5
 Fireball                 Conj/Fire      0%         3d3       100%        5
 Freezing Cloud           Conj/Ice/Air   0%         6-21      100%        5
 Irradiate                Conj/Tmut      0%         3d13      100%        5
 Lee's Rapid Deconstruct  Erth           0%         3d5*      100%        5
 Lightning Bolt           Conj/Air       0%         1d11      100%        5
 Metabolic Englaciation   Hex/Ice        0%         N/A       100%        5
 Silence                  Hex/Air        0%         N/A       100%        5
 Summon Mana Viper        Hex/Summ       0%         N/A       100%        5
 Yara's Violent Unravell  Hex/Tmut       0%         3d3       100%        5
 Conjure Ball Lightning   Conj/Air       0%         3x3d6     100%        6
 Death Channel            Necr           0%         N/A       100%        6
 Dispersal                Tloc           0%         N/A       100%        6
 Iron Shot                Conj/Erth      0%         9d1       100%        6
 Simulacrum               Ice/Necr       0%         N/A       100%        6
 Starburst                Conj/Fire      0%         6d3       100%        6
 Summon Cactus Giant      Summ           0%         N/A       100%        6
 Enfeeble                 Hex            0%         N/A       100%        7
 Haunt                    Necr/Summ      0%         N/A       100%        7
 Monstrous Menagerie      Summ           0%         N/A       100%        7
 Storm Form               Tmut/Air       0%         N/A       100%        7
 Summon Hydra             Summ           0%         N/A       100%        7
 Borgnjor's Revivificati  Necr           0%         N/A       100%        8
 Discord                  Hex            0%         N/A       100%        8
 Disjunction              Tloc           0%         N/A       100%        8
 Ignition                 Fire           0%         3d3       100%        8
 Infestation              Necr           0%         N/A       100%        8
 Lehudib's Crystal Spear  Conj/Erth      0%         10d2      100%        8
 Maxwell's Capacitive Co  Air            0%         ∞         100%        8
 Necromutation            Tmut/Necr      0%         N/A       100%        8
 Chain Lightning          Conj/Air       0%         N/A       100%        9
 Death's Door             Necr           0%         N/A       100%        9
 Fire Storm               Conj/Fire      0%         5d1       100%        9
 Polar Vortex             Ice            0%         N/A       100%        9
 Shatter                  Erth           0%         3d5*      100%        9


Dungeon Overview and Level Annotations

Branches:
Dungeon (15/15)            Temple (1/1) D:5            Lair (6/6) D:9
  Swamp (4/4) Lair:3       Spider (4/4) Lair:4        Slime (5/5) Lair:5
    Orc (2/2) D:10            Elf (3/3) Orc:2        Vaults (5/5) D:13
  Crypt (3/3) Vaults:3       Tomb (3/3) Crypt:3      Depths (4/4) D:15
   Hell (visited)             Dis (7/7) Hell            Geh (7/7) Hell
    Coc (7/7) Hell            Tar (7/7) Hell            Zot (5/5) Depths:4
  IceCv (visited)

Altars:
Ashenzari
Cheibriados
Dithmenos
Elyvilon
Fedhas
Gozag
Hepliaklqana
Kikubaaqudgha
Makhleb
Nemelex Xobeh
Okawaru
Qazlal
Ru
Sif Muna
Trog
Uskayaw
Vehumet
Wu Jian
Xom
Yredelemnul
Zin
The Shining One
Beogh
Jiyva

Shops:
D:3 [   D:7 :   Orc:2 ?=((   Elf:1 (:   Vaults:1 ?   Vaults:5 [   Depths:2 *

Portals:
Hell: Depths:1 Depths:2 Depths:3 Depths:4
Abyss: Depths:1 Depths:2 Depths:3 Depths:4
Pandemonium: Depths:2 Depths:4

Annotations:
Zot:5 3 runed translucent doors, exclusion: door, fictitious's ghost, legendary MfGl


Innate Abilities, Weirdness & Mutations

You are partially covered in large bone plates. (SH +4)
Armour fits poorly on your strangely shaped body.
You are dopey. (Int -2)
You are robust. (+10% HP)
You are covered in fur. (AC +1)


Message History

The shadow demon is almost dead.
You slash the adder!
You kill the adder!
The adder's corpse dissolves into shadows!
You block the shadow demon's attack.
You open the shadow demon like a pillowcase!!!
You kill the shadow demon!
The Shining One accepts your kill.
You feel better.
The orc wizard dissolves into shadows!
The orc dissolves into shadows! x2
(D) Dungeon (T) Temple (L) Lair (S) Swamp (N) Spider Nest (M) Slime Pits (O) Orcish Mines (E) Elven Halls (V) Vaults (C) Crypt (W) Tomb (U) Depths (H) Hell (I) Dis (G) Gehenna (X) Cocytus (Y) Tartarus (Z) Zot
Where to? (Enter - D:1 @ (x,y), ? - help)
There is an open door here.
Things that are here:
a +0 leather armour; a +0 hand axe
Items here: ))) [.
There is a stone staircase leading up here.
You fly upwards.
There is a stone staircase leading down here.
HP restored.
An Orb Guardian comes into view.
There is a stone staircase leading up here.
You fly upwards.
There is a stone staircase leading down here.
(D) Dungeon (T) Temple (L) Lair (S) Swamp (N) Spider Nest (M) Slime Pits (O) Orcish Mines (E) Elven Halls (V) Vaults (C) Crypt (W) Tomb (U) Depths (H) Hell (I) Dis (G) Gehenna (X) Cocytus (Y) Tartarus (Z) Zot
Where to? (Enter - D:1 @ (x,y), ? - help)
There is a stone staircase leading up here.
You fly upwards.
There is a stone staircase leading down here.
There is a staircase leading out of the dungeon here.
You have escaped!

#### ###≈≈≈#
##≈≈≈≈# ##≈≈≈≈#
########≈≈≈≈######
.......≈≈≈≈.....@#
.......≈≈≈.......#
.......≈≈≈.......#
......≈≈≈≈.......#
......≈≈≈≈.......#
......≈≈≈≈.......#
......≈≈≈........#
......≈≈≈........#
.....≈≈≈≈.......>#


There were no monsters in sight!

Vanquished Creatures
  Cerebov (Pan)
  Antaeus (Coc:7)
  Asmodeus (Geh:7)
  Gloorx Vloq (Pan)
  Ereshkigal (Tar:7)
  the Royal Jelly (Slime:5)
  Mnoleg (Pan)
  the Serpent of Hell (Dis:7)
  10 dread liches
  6 pandemonium lords
  Dispater (Dis:7)
  Mara (Tomb:2)
  4 ancient liches
  2 orbs of fire
  Khufu (Tomb:3)
  Mennas (Pan)
  7 juggernauts
  24 royal mummies
  Boris (thrice) (Crypt:1 Crypt:3 Tomb:1)
  10 Killer Klowns
  Frederick (Vaults:4)
  19 shard shrikes
  Bai Suzhen (Depths:1)
  the Lernaean hydra (Swamp:4)
  Geryon (Hell)
  12 caustic shrikes
  A profane servitor (Hell)
  10 golden dragons
  A curse toe (Zot:5)
  12 bone dragons
  Jory (Tomb:1)
  the Enchantress (Depths:1)
  A shard shrike zombie (Tomb:3)
  5 doom hounds
  13 Brimstone Fiends
  17 Tzitzimimeh
  5 electric golems
  15 iron giants
  12 hellephants
  Jorgrun (Elf:1)
  16 liches
  14 Ice Fiends
  17 tainted leviathans
  17 Hell Sentinels
  Rupert (Lair:3)
  20 tentacled monstrosities
  A walking frostbound tome (Depths:2)
  21 searing wretches
  27 Orb Guardians
  2 walking divine tomes (Depths:4)
  7 deep elf master archers
  8 quicksilver dragons
  5 deep elf blademasters
  33 titans
  Murray (Hell)
  12 acid blobs
  2 thorn hunters (Swamp:4)
  40 ancient champions
  32 Executioners
  Kirke (Spider:3)
  7 tentacled starspawn
  15 sphinxes
  9 death cobs
  Gastronok (D:12)
  The ghost of Himmaryad the Brawler, an adept TrMo of Nemelex Xobeh (Depths:3)
  7 tengu reavers
  20 storm dragons
  A draconian monk (Zot:5)
  Donald (Spider:1)
  13 shadow dragons
  29 azure jellies
  14 rockslimes
  3 revenants
  7 draconian knights
  A daeva (D:8)
  3 nagarajas
  7 quicksilver elementals
  13 demonspawn warmongers (Pan)
  31 narguns
  38 fire giants
  The ghost of Qishud the Geomancer, an adept GrEE of Vehumet (D:15)
  6 emperor scorpions
  2 caustic shrike zombies (Crypt:2)
  3 draconian scorchers
  4 spectral caustic shrikes (Depths:3)
  51 balrugs
  12 iron dragons
  The ghost of frustraionsimulator the Blinker, an adept SpBr of Wu Jian (Elf:3)
  13 deep elf sorcerers
  13 cacodemons (Pan)
  6 shard shrike simulacra
  39 frost giants
  10 ghost moths
  7 curse skulls
  14 vault wardens
  A juggernaut zombie (D:15)
  2 orc warlords
  An angel (D:13)
  14 quicksilver oozes
  6 ghouls
  4 draconian shifters
  5 draconian annihilators
  11 ironbound preservers
  8 demonspawn blood saints (Pan)
  2 deep elf elementalists (Elf:3)
  24 war gargoyles
  2 juggernaut skeletons (Crypt:2)
  3 broodmothers
  A draconian stormcaller (Zot:4)
  18 reapers
  A quicksilver ooze (shapeshifter) (Depths:1)
  10 demonspawn corrupters (Pan)
  3 spriggan defenders (Depths:1)
  4 green draconians
  A caustic shrike skeleton (D:15)
  44 stone giants
  7 eleionomae
  10 demonspawn black suns (Pan)
  35 very ugly things
  8 bennus
  25 elemental wellsprings
  15 vampire knights
  6 black draconians
  7 putrid mouths
  13 ironbound thunderhulks
  7 entropy weavers
  7 purple draconians
  9 deep elf annihilators
  21 wendigos
  7 white draconians
  The ghost of Fapiqam the Basher, a journeyman DsAK of Lugonu (Lair:6)
  5 deep elf demonologists
  3 dire elephants (Vaults:1)
  3 bunyips
  7 lorocyprocas (Pan)
  9 red draconians
  Azrael (Spider:3)
  7 spark wasps
  The ghost of Holdthepickle the Fighter, a journeyman MiBe of Trog (Lair:3)
  10 yellow draconians
  2 crystal guardians
  10 eidola
  The ghost of Valamore the Severer, a journeyman MiFi of Yredelemnul (Lair:1)
  A spectral iron giant (Tar:2)
  14 blizzard demons
  12 ettins
  7 green deaths
  A merfolk javelineer (Abyss:3)
  14 iron golems
  29 mummy priests
  Josephine (Orc:1)
  Snorg (Lair:3)
  11 jiangshi
  4 deep elf death magi
  13 boulder beetles
  12 yaktaur captains
  A kraken zombie (Hell)
  10 deep elf high priests
  3 spectral spriggans
  6 rakshasas
  A shambling mangrove (Swamp:4)
  9 ice dragons
  12 salamander tyrants
  8 fire dragons
  A quicksilver dragon skeleton (Vaults:3)
  17 great orbs of eyes
  36 vault guards
  29 hydras
  3 peacekeepers
  3 ghost crabs
  9 juggernaut simulacra
  16 caustic shrike simulacra
  3 spriggan skeletons
  7 ironbound frosthearts
  7 spriggan air magi
  8 ogre magi
  3 hell beasts
  A radroach (Spider:2)
  Erica (D:8)
  4 stokers
  A catoblepas (Lair:2)
  A fenstrider witch skeleton (Crypt:1)
  2 deep troll shamans (Depths:1)
  A two-headed ogre (shapeshifter) (Vaults:5)
  11 centaur warriors
  4 death knights
  12 two-headed ogres
  40 dancing weapons
  15 alligators
  3 vampire magi
  5 deep troll earth magi
  55 death scarabs
  A death yak (Lair:3)
  4 tengu warriors
  40 hell hogs
  81 sun demons
  A spectral dire elephant (Tar:4)
  Urug (Lair:5)
  An orc high priest (Orc:2)
  10 spriggan berserkers
  7 thrashing horrors
  6 hell knights
  23 deep elf knights
  23 soul eaters
  Nergalle (Orc:2)
  3 wretched stars
  11 crystal echidnas
  A spatial maelstrom (Abyss:3)
  9 pharaoh ants
  3 titan skeletons
  2 iron trolls (Depths:1)
  A sun moth (Spider:4)
  22 shadow wraiths
  19 sixfirhies (Pan)
  38 skeletal warriors
  8 orb spiders
  3 spriggan druids
  32 deep trolls
  7 glowing orange brains
  7 steelbarb worms
  8 goliath frogs
  A spectral anaconda (Tar:2)
  3 anaconda zombies (Hell)
  3 obsidian statues
  3 orange crystal statues
  11 flayed ghosts
  A swamp dragon (shapeshifter) (Vaults:5)
  A golden dragon zombie (D:15)
  17 bog bodies
  14 shadow demons
  16 phantasmal warriors
  2 quicksilver dragon simulacra
  A bunyip skeleton (Pan)
  7 spriggan simulacra
  20 deep elf archers
  25 wizards
  A golden dragon skeleton (Crypt:2)
  9 swamp dragons
  A shadow dragon zombie (Vaults:5)
  A tengu zombie (D:15)
  2 fenstrider witch simulacra (Coc:2)
  2 lindwurms
  A harpy (shapeshifter) (Elf:2)
  30 deep elf zephyrmancers
  66 ugly things
  16 necromancers
  15 ironbound convokers
  22 wolf spiders
  9 orc knights
  38 deep elf pyromancers
  3 will-o-the-wisps
  A frost giant zombie (Depths:1)
  3 manticores
  2 spectral centaurs (Tar:2)
  9 orc sorcerers
  7 cyclopes
  A stone giant zombie (Crypt:2)
  44 large abominations
  26 moths of wrath
  9 shining eyes
  2 shadow dragon skeletons
  A jorogumo skeleton (Crypt:3)
  A shock serpent zombie (Crypt:2)
  A sphinx skeleton (Vaults:3)
  A dire elephant zombie (Crypt:2)
  2 worldbinders
  8 black mambas
  2 fire giant skeletons
  3 tengu skeletons
  2 orc zombies (Crypt:2)
  8 rust devils
  7 elephants
  4 apocalypse crabs
  A black mamba (shapeshifter) (D:15)
  2 stone giant skeletons
  4 eyes of devastation
  2 naga zombies (Crypt:2)
  12 vault sentinels
  A naga mage (Zig:7)
  17 orange demons
  34 smoke demons
  A frost giant skeleton (Depths:1)
  A gargoyle (D:12)
  5 centaur skeletons
  15 molten gargoyles
  6 ice statues
  Maggie (D:10)
  A titan simulacrum (Coc:3)
  7 naga skeletons
  22 cane toads
  4 torpor snails
  26 hellions
  An orb spider zombie (Crypt:2)
  A rime drake (Lair:4)
  An unseen horror (shapeshifter) (Depths:1)
  A bunyip simulacrum (Coc:1)
  2 unseen horrors
  24 freezing wraiths
  2 kobold demonologists
  25 yaktaurs
  5 anaconda simulacra
  19 komodo dragons
  3 iron giant simulacra
  2 tengu conjurers (D:12)
  17 efreet
  A purple draconian skeleton (Crypt:2)
  21 demonic crawlers
  A very ugly thing simulacrum (IceCv)
  2 silent spectres
  18 tormentors
  4 yaktaur skeletons
  An entropy weaver simulacrum (IceCv)
  19 hellwings
  An ancient zyme (Abyss:3)
  11 red devils
  5 ice devils
  2 golden dragon simulacra
  10 meliai
  A polar bear (shapeshifter) (Elf:2)
  A troll (shapeshifter) (Elf:2)
  A sea snake skeleton (Crypt:3)
  A hornet (shapeshifter) (Depths:3)
  51 guardian mummies
  3 polar bears (Lair:5)
  13 trolls
  2 hydra zombies
  4 harpy zombies
  A bloated husk (Swamp:1)
  18 hornets
  11 tyrant leeches
  An ice dragon zombie (Crypt:1)
  A guardian serpent zombie (Crypt:2)
  31 tarantellas
  A blink frog (shapeshifter) (Vaults:5)
  4 dream sheep (Lair:6)
  7 harpy skeletons
  118 slime creatures
  3 stone giant simulacra
  2 iron dragon simulacra
  9 raiju
  A spriggan zombie (Depths:1)
  A snapping turtle (shapeshifter) (Vaults:5)
  29 blink frogs
  A tarantella zombie (Crypt:3)
  3 centaur simulacra
  21 flying skulls
  32 culicivoras
  12 starcursed masses
  An elf skeleton (Vaults:5)
  An ettin zombie (Crypt:2)
  13 wraiths
  25 ynoxinuls
  44 jumping spiders
  A shadow (D:13)
  An alligator skeleton (Hell)
  5 naga simulacra
  4 ettin skeletons
  15 spriggans
  10 water elementals
  5 air elementals
  14 dire elephant simulacra
  A fire dragon skeleton (Crypt:2)
  16 ushabtiu
  5 fire elementals
  27 yaks
  An alligator snapping turtle simulacrum (Coc:1)
  6 vampire mosquitoes
  3 hogs (Spider:3)
  12 basilisks
  8 wyverns
  17 golden eyes
  9 chaos spawn
  4 steam dragons
  18 neqoxecs
  18 wargs
  23 harpy simulacra
  A spatial vortex (Abyss:3)
  75 redbacks
  A faun zombie (Crypt:3)
  14 swamp worms
  2 acid dragons
  3 demonic crawler simulacra (IceCv)
  4 floating eyes
  16 hell hounds
  15 water moccasins
  An ogre skeleton (Vaults:3)
  An ice beast (Abyss:2)
  2 merfolk skeletons
  5 ugly thing simulacra (IceCv)
  9 swamp drakes
  36 orc warriors
  5 black bears
  2 necrophages
  3 human zombies
  9 small abominations (Abyss:2)
  3 ettin simulacra
  10 ogres
  20 wolves
  A boggart (Vaults:1)
  9 human skeletons
  15 centaurs
  3 elf zombies
  2 kobold brigands
  Blork the orc (D:6)
  A rime drake skeleton (Crypt:1)
  13 bullfrogs
  3 earth elementals
  4 scorpions
  A salamander skeleton (Crypt:3)
  A gnoll sergeant (D:12)
  A wyvern skeleton (D:7)
  3 water moccasin skeletons
  9 killer bees
  4 wights (D:9)
  6 howler monkeys
  5 electric eels
  8 crimson imps (Pan)
  5 lava snakes (Lair:6)
  15 orc priests
  4 centaur zombies
  3 jellies
  A basilisk skeleton (Crypt:1)
  3 hounds
  2 bullfrog skeletons
  A gnoll shaman (D:9)
  40 orc wizards
  Natasha (thrice) (D:2 D:1)
  An iguana (D:6)
  A hell rat (Lair:1)
  A killer bee zombie (D:9)
  46 mummies
  16 gnolls
  9 adders
  A shadow imp (D:7)
  3 white imps
  An ufetubus (D:4)
  A worm zombie (Crypt:1)
  2 worms
  A worm (shapeshifter) (Vaults:2)
  2 dart slugs
  96 orcs
  8 ball pythons
  8 endoplasms
  4 giant cockroaches
  5 goblins
  3 hobgoblins
  18 kobolds
  2 quokkas
  11 bats
  A dart slug zombie (Crypt:1)
  13 frilled lizards
  A kobold zombie (Crypt:3)
  A quokka zombie (Crypt:1)
  5 rats
  8 briar patches (Swamp:4)
  10 creeping infernos
  36 fire vortices
  7 starspawn tentacles
  3 tentacles (Hell)
4397 creatures vanquished.

Vanquished Creatures (collateral kills)
  Lom Lobon (Pan)
  3 orbs of fire (Zot:5)
  Boris (Tomb:3)
  10 royal mummies
  2 caustic shrikes (Dis:4)
  A Tzitzimitl (Dis:4)
  An iron giant (Dis:7)
  An eldritch tentacle (Pan)
  An ancient champion (Dis:4)
  An azure jelly (Coc:7)
  A fire giant (Geh:7)
  2 balrugs
  3 very ugly things (Pan)
  A war gargoyle (Dis:4)
  2 elemental wellsprings (Coc:3)
  6 mummy priests (Tomb:3)
  A spriggan zombie (Zig:9)
  A skeletal warrior (Tomb:3)
  3 sixfirhies (Pan)
  A shadow wraith (Tar:7)
  An ugly thing (Pan)
  A tengu skeleton (Zig:9)
  An ice statue (Coc:7)
  An orange demon (Pan)
  A smoke demon (Pan)
  3 guardian mummies
  12 ushabtiu
  4 mummies
67 creatures vanquished.

Vanquished Creatures (others)
  A shard shrike (Coc:7)
  A titan (Coc:6)
  A shadow dragon (shapeshifter) (Zig:8)
  A frost giant (Coc:7)
  2 fire giants
  A nargun (Coc:7)
  A shard shrike simulacrum (Coc:4)
  A demonspawn corrupter (Pan)
  A bunyip (Zig:10)
  A hydra (Zig:10)
  A caustic shrike simulacrum (Coc:5)
  A juggernaut simulacrum (Coc:6)
  A two-headed ogre (shapeshifter) (Zig:8)
  3 death scarabs (Tomb:2)
  2 deep elf knights
  An iron troll (shapeshifter) (Zig:8)
  A goliath frog (Zig:10)
  A wizard (Vaults:3)
  A quicksilver dragon simulacrum (Coc:5)
  A spriggan simulacrum (Coc:4)
  A deep elf zephyrmancer (Elf:1)
  A deep elf pyromancer (Elf:1)
  A manticore (D:13)
  A will-o-the-wisp (Swamp:1)
  3 ugly things (Zig:8)
  A titan simulacrum (Coc:5)
  A smoke demon (Pan)
  A hellion (Geh:7)
  An apocalypse crab (Zig:8)
  A guardian mummy (Tomb:2)
  A minotaur skeleton (Crypt:2)
  A tormentor (Geh:3)
  An iron giant simulacrum (Coc:4)
  A merfolk (shapeshifter) (Zig:8)
  A blink frog (Lair:5)
  A stone giant simulacrum (Coc:4)
  A slime creature (IceCv)
  A culicivora (Spider:1)
  A centaur simulacrum (Coc:1)
  2 dire elephant simulacra
  A ynoxinul (Pan)
  A water elemental (Hell)
  A large abomination (Pan)
  4 harpy simulacra
  A small abomination (Abyss:2)
  3 naga simulacra
  A mummy (Tomb:3)
  A bush (Lair:2)
  4 demonic plants (Pan)
  8 foxfires
  69 fungi
  122 plants
  14 starspawn tentacles
  5 tentacles (Hell)
  10 withered plants (D:15)
292 creatures vanquished.

Grand Total: 4756 creatures vanquished

Notes
Turn   | Place    | Note
-------+----------+-------------------------------------------
     0 | D:1      | fictitious the Hill Orc Fighter began the quest for the
                  | Orb.
     0 | D:1      | Reached XP level 1. HP: 19/19 MP: 1/1
   249 | D:1      | Reached XP level 2. HP: 23/26 MP: 2/2
   587 | D:1      | Found a faded altar of an unknown god.
   696 | D:1      | Reached XP level 3. HP: 26/31 MP: 3/3
  1322 | D:2      | Reached skill level 5 in Axes
  1431 | D:2      | Reached XP level 4. HP: 23/39 MP: 4/4
  1590 | D:2      | Noticed Natasha
  1599 | D:2      | Killed Natasha
  1826 | D:2      | Noticed Natasha
  1840 | D:1      | Killed Natasha
  2192 | D:2      | Reached XP level 5. HP: 41/45 MP: 5/5
  2802 | D:3      | Got the Volume of Weightlessness
  3032 | D:3      | Reached XP level 6. HP: 48/51 MP: 6/6
  3339 | D:3      | Found Fiwnitso's Antique Armour Emporium.
  3408 | D:3      | You fall into a shaft and drop 3 floors!
  3408 | D:6      | Noticed Blork the orc
  3417 | D:6      | Killed Blork the orc
  3821 | D:5      | Entered Level 5 of the Dungeon
  3839 | D:5      | Reached XP level 7. HP: 56/57 MP: 7/7
  3948 | D:5      | Found a hide-covered altar of Uskayaw.
  4482 | D:4      | Reached skill level 10 in Axes
  4864 | D:5      | Found a staircase to the Ecumenical Temple.
  4872 | Temple   | Entered the Ecumenical Temple
  5061 | Temple   | Became a worshipper of Warmaster Okawaru
  5157 | D:5      | Reached skill level 1 in Invocations
  5322 | D:5      | Reached XP level 8. HP: 67/67 MP: 7/9
  5674 | D:6      | Reached skill level 5 in Shields
  6068 | D:3      | Bought a shiny helmet for 240 gold pieces
  6329 | D:6      | Reached * piety under Okawaru
  6335 | D:6      | Reached skill level 5 in Fighting
  7063 | D:1      | Found a faded altar of an unknown god.
  7163 | D:1      | Noticed Natasha
  7171 | D:1      | Killed Natasha
  7546 | D:4      | Reached skill level 5 in Armour
  7546 | D:4      | Reached skill level 5 in Invocations
  8104 | D:7      | Reached XP level 9. HP: 75/75 MP: 13/13
  8331 | D:7      | Found Ybreh's Book Shoppe.
  8467 | D:7      | Identified the +8 flail "Veinaxt" {vorpal, rC+ Int+2}
  8519 | D:7      | Found a radiant altar of Vehumet.
  9322 | D:8      | Reached skill level 1 in Dodging
  9689 | D:8      | Reached ** piety under Okawaru
  9723 | D:8      | Noticed Erica
  9735 | D:8      | Killed Erica
 10089 | D:9      | Reached XP level 10. HP: 79/83 MP: 14/14
 10900 | D:3      | Bought a pair of glowing gloves for 240 gold pieces
 11038 | D:9      | Identified the +3 falchion "Goixzen" {spect, rN+ Dex+4}
 11124 | D:9      | Reached *** piety under Okawaru
 11231 | D:9      | Found a staircase to the Lair.
 11261 | D:9      | Noticed a two-headed ogre
 11668 | Lair:1   | Entered Level 1 of the Lair of Beasts
 11668 | Lair:1   | Noticed a cane toad
 11668 | Lair:1   | Noticed a cane toad
 11853 | Lair:1   | Killed a cane toad
 11853 | Lair:1   | Reached **** piety under Okawaru
 11854 | Lair:1   | Reached skill level 15 in Axes
 11862 | Lair:1   | Killed a cane toad
 11863 | Lair:1   | Reached skill level 5 in Dodging
 12289 | Lair:1   | Noticed a seven-headed hydra
 12290 | Lair:1   | Noticed a cane toad
 12290 | Lair:1   | Noticed Valamore's ghost (journeyman MiFi)
 12297 | Lair:1   | Found a runed translucent gate.
 12298 | Lair:1   | Found a runed translucent gate.
 12336 | Lair:1   | Found a runed translucent gate.
 12377 | Lair:1   | Reached XP level 11. HP: 89/89 MP: 15/15
 12871 | Lair:1   | Reached ***** piety under Okawaru
 13363 | Lair:1   | Received a gift from Okawaru
 13991 | Lair:2   | Noticed a catoblepas
 14016 | Lair:2   | Killed a catoblepas
 14404 | Lair:2   | Noticed a boulder beetle
 14455 | Lair:2   | Killed a boulder beetle
 14456 | Lair:2   | Reached XP level 12. HP: 86/100 MP: 11/18
 14499 | Lair:2   | Identified the +4 scale mail of Instinct {god gift, Fly
                  | Int+2 Stlth+} (Okawaru gifted it to you on level 2 of the
                  | Lair of Beasts)
 14499 | Lair:2   | Received a gift from Okawaru
 15805 | Lair:3   | Noticed Rupert
 16013 | D:9      | Killed a two-headed ogre
 16033 | D:10     | Entered Level 10 of the Dungeon
 16158 | D:10     | Noticed Maggie
 16166 | D:10     | Killed Maggie
 16167 | D:10     | Reached skill level 10 in Invocations
 16460 | D:10     | Found a staircase to the Orcish Mines.
 16461 | D:10     | Identified the +6 hunting sling of the Sneaky Eyes {speed,
                  | rPois Int-4 Dex+2 SInv}
 16965 | D:11     | Noticed a boulder beetle
 16977 | D:11     | Killed a boulder beetle
 17044 | D:11     | Noticed a boulder beetle
 17067 | D:11     | Killed a boulder beetle
 17068 | D:11     | Reached skill level 1 in Slings
 17542 | D:11     | Noticed a six-headed hydra
 17546 | D:11     | Killed a three-headed hydra
 17710 | D:11     | Found a runed translucent door.
 17850 | D:11     | Found a roughly hewn altar of Beogh.
 18218 | D:12     | Noticed Gastronok
 18366 | D:11     | Reached XP level 13. HP: 70/108 MP: 21/21
 18516 | D:12     | Received a gift from Okawaru
 18786 | D:12     | Received a gift from Okawaru
 19349 | Lair:3   | Noticed Snorg
 19359 | Lair:3   | Killed Snorg
 19371 | Lair:3   | Noticed Holdthepickle's ghost (journeyman MiBe)
 19381 | Lair:3   | Found a runed translucent gate.
 19381 | Lair:3   | Found a runed translucent gate.
 19381 | Lair:3   | Found a runed translucent gate.
 19961 | Lair:4   | Identified the +5 ring mail of the Hills {god gift, Str+4
                  | Slay+2} (Okawaru gifted it to you on level 4 of the Lair of
                  | Beasts)
 19961 | Lair:4   | Received a gift from Okawaru
 20046 | Lair:4   | You fall into a shaft and drop 2 floors!
 20046 | Lair:6   | Entered Level 6 of the Lair of Beasts
 20310 | Lair:4   | Found a hole to the Spider Nest.
 20329 | Lair:4   | Reached skill level 10 in Fighting
 21216 | Lair:5   | Found a viscous altar of Jiyva.
 21216 | Lair:5   | Found a staircase to the Slime Pits.
 21275 | Lair:5   | Noticed Urug
 21294 | Lair:5   | Killed Urug
 21295 | Lair:5   | Reached skill level 5 in Slings
 21295 | Lair:5   | Reached skill level 10 in Armour
 21295 | Lair:5   | Reached skill level 10 in Shields
 21380 | Lair:5   | Reached XP level 14. HP: 121/121 MP: 23/23
 21903 | Lair:6   | Reached skill level 1 in Evocations
 22109 | Lair:6   | Received a gift from Okawaru
 22125 | Lair:6   | Reached ****** piety under Okawaru
 22126 | Lair:6   | Received a gift from Okawaru
 22245 | Lair:6   | Found a runed translucent door.
 22246 | Lair:6   | Noticed Fapiqam's ghost (journeyman DsAK)
 22283 | Lair:6   | Received a gift from Okawaru
 22283 | Lair:6   | Found the +14 obsidian axe {god gift, vorpal, Mesm Drain
                  | Fly SInv}
 23177 | Lair:6   | Found a large runed translucent door.
 23177 | Lair:6   | Found a large runed translucent door.
 23208 | Lair:6   | Received a gift from Okawaru
 23807 | Lair:6   | Killed Fapiqam's ghost
 23808 | Lair:6   | Identified the amulet of the Two Names {RegenMP Harm Dex+7
                  | SInv}
 24071 | Orc:1    | Entered Level 1 of the Orcish Mines
 24114 | D:10     | Identified the +4 longbow "Zogyevirph" {god gift, flame,
                  | rCorr} (Okawaru gifted it to you on level 10 of the
                  | Dungeon)
 24114 | D:10     | Received a gift from Okawaru
 24280 | Orc:1    | Found a transporter.
 24280 | Orc:1    | Noticed a juggernaut
 24282 | Orc:1    | Found a transporter.
 24283 | Orc:1    | Found a transporter.
 24283 | Orc:1    | Found a sparkling altar of Nemelex Xobeh.
 24286 | Orc:1    | Found a transporter.
 24287 | Orc:1    | Found a transporter.
 24290 | Orc:1    | Found a transporter.
 24451 | Orc:2    | Entered Level 2 of the Orcish Mines
 24668 | Orc:1    | Noticed Josephine
 24740 | Orc:1    | Killed Josephine
 24783 | Orc:1    | Reached XP level 15. HP: 118/130 MP: 24/24
 24833 | Orc:1    | Found a shimmering altar of Xom.
 25108 | Orc:1    | Noticed an orc warlord
 25217 | Orc:1    | Killed an orc warlord
 25639 | Orc:2    | Found a staircase to the Elven Halls.
 25698 | Orc:2    | Identified the +2 pair of gloves of the Dolphin {god gift,
                  | Harm Str+6} (Okawaru gifted it to you on level 2 of the
                  | Orcish Mines)
 25698 | Orc:2    | Received a gift from Okawaru
 26083 | Orc:2    | Paralysed by an ogre mage for 4 turns
 26293 | Orc:2    | Found Laulorih's Antique Weapon Boutique.
 26444 | Orc:2    | Found an ancient bone altar of Kikubaaqudgha.
 26445 | Orc:2    | Noticed Nergalle
 26459 | Orc:2    | Killed Nergalle
 26518 | Orc:2    | Reached skill level 5 in Evocations
 26524 | Orc:2    | Found a radiant altar of Vehumet.
 26583 | Orc:2    | Found a roughly hewn altar of Beogh.
 26583 | Orc:2    | Found Goixacoa's Antique Weapon Shop.
 26591 | Orc:2    | Found Xeiptaut's Jewellery Shop.
 26597 | Orc:2    | Found Xeom's Magic Scroll Boutique.
 26602 | Orc:2    | Bought a ring of flight for 245 gold pieces
 26602 | Orc:2    | Bought the ring "Tedghou" {rElec rC+ Str+2 Int+6 Stlth-}
                  | for 1152 gold pieces
 26723 | Orc:2    | Bought a scroll of holy word for 97 gold pieces
 26723 | Orc:2    | Bought a scroll of identify for 26 gold pieces
 26723 | Orc:2    | Bought a scroll of identify for 26 gold pieces
 26963 | D:12     | Killed Gastronok
 27030 | D:12     | Reached skill level 1 in Throwing
 27396 | D:12     | Received a gift from Okawaru
 28314 | D:13     | Found a gate to the Vaults.
 28327 | D:13     | Reached XP level 16. HP: 115/141 MP: 26/26
 28625 | D:13     | Received a gift from Okawaru
 28938 | Orc:2    | Bought a ring of protection from fire for 350 gold pieces
 30790 | Lair:3   | Killed Rupert
 30862 | Lair:3   | Found a staircase to the Swamp.
 31427 | Swamp:1  | Entered Level 1 of the Swamp
 31438 | Lair:3   | Received a gift from Okawaru
 32220 | Swamp:1  | Received a gift from Okawaru
 32347 | Swamp:1  | Reached skill level 5 in Throwing
 33629 | Arena    | Entered the Arena
 33822 | Swamp:1  | Received a gift from Okawaru
 35001 | Swamp:3  | Reached XP level 17. HP: 151/151 MP: 27/27
 36041 | Spider:1 | Entered Level 1 of the Spider Nest
 36516 | Spider:1 | Identified the +0 kite shield of the Arena {Int+2}
 36516 | Spider:1 | Noticed Donald
 36541 | Spider:1 | Killed Donald
 36572 | Spider:1 | Received a gift from Okawaru
 36705 | Spider:1 | Received a gift from Okawaru
 38073 | Spider:2 | Identified the ring of Miracles {Fire rElec Will+}
 38160 | Spider:2 | Identified the +1 ring mail of the Sky {+Inv rCorr MP-9
                  | Dex+4}
 39818 | Spider:3 | Reached XP level 18. HP: 130/160 MP: 27/29
 39942 | Spider:3 | Noticed Kirke
 39955 | Spider:3 | Killed Kirke
 39968 | Spider:3 | Reached skill level 15 in Invocations
 39968 | Spider:3 | Reached skill level 10 in Evocations
 40076 | Spider:3 | Received a gift from Okawaru
 40481 | Spider:3 | Noticed Azrael
 40498 | Spider:3 | Killed Azrael
 41151 | Spider:4 | Entered Level 4 of the Spider Nest
 42582 | Orc:2    | Bought a scroll of acquirement for 676 gold pieces
 42582 | Orc:2    | Bought a scroll of fog for 26 gold pieces
 42583 | Orc:2    | Acquired a +0 pair of gloves of infusion
 43607 | Spider:4 | Received a gift from Okawaru
 44163 | Spider:4 | Received a gift from Okawaru
 44206 | Spider:4 | Received a gift from Okawaru
 44540 | Spider:4 | Got a gossamer rune of Zot
 44832 | Swamp:4  | Entered Level 4 of the Swamp
 45548 | Swamp:4  | Reached XP level 19. HP: 133/168 MP: 9/31
 45589 | Swamp:4  | Reached skill level 10 in Dodging
 45681 | Swamp:4  | Received a gift from Okawaru
 46023 | Swamp:4  | Identified the +0 chain mail "Xuirhad" {god gift, Rampage
                  | rF+ Str+4 Dex-5} (Okawaru gifted it to you on level 4 of
                  | the Swamp)
 46023 | Swamp:4  | Received a gift from Okawaru
 46024 | Swamp:4  | Reached skill level 15 in Fighting
 46157 | Swamp:4  | Noticed the 27-headed Lernaean hydra
 46177 | Swamp:4  | Killed the 21-headed Lernaean hydra
 46178 | Swamp:4  | Reached skill level 15 in Shields
 46188 | Swamp:4  | Reached skill level 15 in Armour
 46201 | Swamp:4  | Got a decaying rune of Zot
 46983 | D:15     | Entered Level 15 of the Dungeon
 47448 | D:15     | Found a staircase to the Depths.
 47899 | D:15     | Found a runed translucent gate.
 47899 | D:15     | Noticed Qishud's ghost (adept GrEE)
 47900 | D:15     | Found a runed translucent gate.
 47900 | D:15     | Found a runed translucent gate.
 48514 | D:15     | Killed Qishud's ghost
 48535 | D:15     | Identified the +3 scimitar of Grace {antimagic, *Noise
                  | rElec Str+9 Int+4}
 48919 | Lair:1   | Killed Valamore's ghost
 49119 | Lair:3   | Killed Holdthepickle's ghost
 49356 | Elf:1    | Entered Level 1 of the Elven Halls
 49405 | Elf:1    | Found Nusuirho's Weapon Emporium.
 49438 | Elf:1    | Found a frozen archway.
 49468 | IceCv    | Entered an ice cave
 50696 | IceCv    | Found a viscous altar of Jiyva.
 50716 | IceCv    | Identified the +10 broad axe of Gravity {god gift, drain,
                  | rPois rCorr Int+3 Dex+2} (Okawaru gifted it to you in an
                  | ice cave)
 50716 | IceCv    | Received a gift from Okawaru
 50747 | IceCv    | Identified the ring "Xacreopn" {rN+ rCorr AC+4}
 50749 | IceCv    | Identified the ring of Heeci {rC+ Int+3 Slay+3}
 50771 | IceCv    | Got the ring of Spite {Ice rPois Str+2 Stlth+}
 50854 | Elf:1    | Bought 4 boomerangs for 36 gold pieces
 50866 | Elf:1    | Reached XP level 20. HP: 172/182 MP: 24/32
 51154 | Elf:1    | Paralysed by an air elemental for 1 turns
 51158 | Elf:1    | Paralysed by an air elemental for 1 turns
 51245 | Elf:1    | Found Voghustru's Book Shop.
 51314 | Elf:1    | Found a bloodstained altar of Trog.
 51628 | Elf:1    | Noticed Jorgrun
 51645 | Elf:1    | Killed Jorgrun
 52281 | Elf:2    | Received a gift from Okawaru
 52478 | Elf:2    | Received a gift from Okawaru
 52552 | Elf:2    | Paralysed by an air elemental for 1 turns
 52676 | Elf:2    | Found a runed translucent gate.
 52676 | Elf:2    | Found a runed translucent gate.
 52676 | Elf:2    | Found a runed translucent gate.
 53891 | Elf:3    | Entered Level 3 of the Elven Halls
 54186 | Elf:3    | Found a bloodstained altar of Trog.
 54186 | Elf:3    | Noticed frustraionsimulator's ghost (adept SpBr)
 54388 | Elf:3    | Found a transporter.
 54390 | Elf:3    | Found a transporter.
 54689 | Elf:3    | Got Filoumm's Grimoire of Sinister Arts
 54960 | Elf:3    | Paralysed by an air elemental for 1 turns
 55270 | Elf:3    | Identified the +8 short sword of the Sky {vorpal, rElec
                  | rPois rN+}
 55568 | Elf:3    | Cast into level 2 of the Abyss (a deep elf sorcerer)
 55633 | Elf:3    | Escaped the Abyss
 55835 | Elf:3    | Cast into level 2 of the Abyss (a deep elf demonologist)
 55891 | Elf:3    | Escaped the Abyss
 56010 | Elf:3    | Identified the +7 trident of the Glimmering Owl {vorpal,
                  | rC+ Str-4 Stlth+}
 56015 | Elf:3    | Reached XP level 21. HP: 193/193 MP: 33/33
 56052 | Elf:3    | Received a gift from Okawaru
 56057 | Elf:3    | Reached skill level 10 in Throwing
 56707 | Elf:3    | Identified the +5 scale mail of the Journeyman {*Slow rN+
                  | Int-5 Dex+9}
 56994 | Elf:3    | Identified the +8 arbalest of fictitious's Misery {flame,
                  | rCorr Str+8 Dex-2 Stlth-}
 57625 | Vaults:1 | Entered Level 1 of the Vaults
 57788 | Vaults:1 | Found Coem's Magic Scroll Boutique.
 57906 | Vaults:1 | Bought a scroll of acquirement for 728 gold pieces
 57906 | Vaults:1 | Bought a scroll of holy word for 105 gold pieces
 57906 | Vaults:1 | Bought a scroll of fear for 49 gold pieces
 57906 | Vaults:1 | Bought a scroll of magic mapping for 49 gold pieces
 57906 | Vaults:1 | Acquired 866 gold pieces
 57917 | Vaults:1 | Bought a scroll of magic mapping for 49 gold pieces
 57917 | Vaults:1 | Bought a scroll of magic mapping for 49 gold pieces
 57997 | Vaults:1 | Received a gift from Okawaru
 58878 | Vaults:1 | Received a gift from Okawaru
 62158 | Vaults:3 | Received a gift from Okawaru
 62621 | Vaults:3 | Reached XP level 22. HP: 206/206 MP: 17/34
 63281 | Vaults:3 | Found a staircase to the Crypt.
 63478 | Vaults:3 | Received a gift from Okawaru
 64373 | Vaults:4 | Identified the +0 ring mail "Hafioliu" {god gift, MP+9
                  | Slay+3} (Okawaru gifted it to you on level 4 of the Vaults)
 64373 | Vaults:4 | Received a gift from Okawaru
 65472 | Vaults:4 | Identified the +1 leather armour of Wisdom {rC+}
 65771 | Vaults:4 | Noticed Frederick
 65783 | Vaults:4 | Killed Frederick
 66002 | Vaults:4 | Identified the +7 rapier of Axullic {protect, rN+}
 66728 | Depths:1 | Entered Level 1 of the Depths
 66910 | Depths:1 | Found a blossoming altar of Fedhas.
 67328 | Depths:1 | Found a gateway to Hell.
 67807 | Depths:1 | Noticed the Enchantress
 68020 | Depths:1 | Reached XP level 23. HP: 183/215 MP: 18/35
 68091 | Depths:1 | Identified the +0 pair of boots "Ypafun" {god gift, SInv
                  | Stlth+} (Okawaru gifted it to you on level 1 of the Depths)
 68091 | Depths:1 | Received a gift from Okawaru
 68097 | Depths:1 | Killed the Enchantress
 68382 | Depths:1 | Noticed Bai Suzhen
 68413 | Depths:1 | Killed Bai Suzhen
 68677 | Depths:1 | Found a one-way gate to the infinite horrors of the Abyss.
 69153 | Depths:1 | Identified the +4 scale mail "Eparoagg" {rPois rF+ rN+++
                  | MP-9}
 69922 | Depths:2 | Noticed a caustic shrike
 69934 | Depths:2 | Killed a caustic shrike
 69981 | Depths:2 | Found Entoun's Assorted Antiques.
 70427 | Depths:2 | Noticed a caustic shrike
 70441 | Depths:2 | Killed a caustic shrike
 70487 | Depths:2 | Found a one-way gate leading to the halls of Pandemonium.
 70668 | Depths:2 | Found a one-way gateway to a ziggurat.
 71237 | Depths:3 | Identified the +0 pair of boots "Tatwivuo" {god gift, rElec
                  | Str+3} (Okawaru gifted it to you on level 3 of the Depths)
 71237 | Depths:3 | Received a gift from Okawaru
 71630 | Depths:3 | Found a broken altar of Ashenzari.
 71697 | Depths:3 | Found a runed translucent gate.
 71697 | Depths:3 | Found a runed translucent gate.
 71697 | Depths:3 | Found a runed translucent gate.
 71699 | Depths:3 | Noticed Himmaryad's ghost (adept TrMo)
 71702 | Depths:3 | Found a viscous altar of Jiyva.
 71908 | Depths:3 | Found a runed translucent door.
 73021 | Depths:4 | Entered Level 4 of the Depths
 73128 | Depths:4 | Paralysed by a floating eye for 4 turns
 73246 | Depths:4 | Identified the ring of Nemutt {Will+ Str+4}
 73517 | Depths:4 | Noticed a golden dragon
 73528 | Depths:4 | Killed a golden dragon
 73536 | Arena    | Entered the Arena
 73539 | Arena    | Reached XP level 24. HP: 80/224 MP: 7/35
 73921 | Depths:4 | Found a blossoming altar of Fedhas.
 74212 | Depths:4 | Noticed a juggernaut
 74223 | Depths:4 | Killed a juggernaut
 74299 | Depths:4 | Found an iron altar of Okawaru.
 74353 | Depths:4 | Found a transporter.
 74490 | Depths:4 | Identified the ring "Otayhot" {Ice rPois Int+4}
 74550 | Depths:4 | Found a transporter.
 74646 | Depths:4 | Noticed a juggernaut
 74657 | Depths:4 | Killed a juggernaut
 74658 | Depths:4 | Reached skill level 15 in Dodging
 74795 | Depths:4 | Identified the ring "Ryodd" {Drain rF+ rCorr Str+6}
 74909 | Depths:4 | Found a gate to the Realm of Zot.
 74920 | Depths:4 | Received a gift from Okawaru
 76120 | Vaults:5 | Entered Level 5 of the Vaults
 76222 | Vaults:5 | Received a gift from Okawaru
 76772 | Vaults:5 | Cast into level 2 of the Abyss (a deep elf demonologist)
 77126 | Abyss:2  | Gained mutation: You are somewhat resistant to further
                  | mutation. [a neqoxec]
 77127 | Abyss:2  | Gained mutation: You sometimes lose the ability to read
                  | scrolls when taking damage. [a neqoxec]
 77135 | Abyss:2  | Lost mutation: You sometimes lose the ability to read
                  | scrolls when taking damage. [potion of mutation]
 77135 | Abyss:2  | Lost mutation: You are somewhat resistant to further
                  | mutation. [potion of mutation]
 77135 | Abyss:2  | Gained mutation: Your spells are a little easier to cast,
                  | but a little less powerful. [potion of mutation]
 77135 | Abyss:2  | Gained mutation: You are partially covered in iridescent
                  | scales. (AC +2) [potion of mutation]
 77135 | Abyss:2  | Gained mutation: You passively map a small area around you.
                  | [potion of mutation]
 77169 | Vaults:5 | Escaped the Abyss
 77360 | Vaults:5 | Received a gift from Okawaru
 77596 | Vaults:5 | Received a gift from Okawaru
 77636 | Vaults:5 | Reached XP level 25. HP: 207/231 MP: 12/35
 77778 | Vaults:5 | Received a gift from Okawaru
 78675 | Vaults:5 | Found the +3 pair of gauntlets of War {Slay+5}
 78730 | Vaults:5 | Identified the +10 halberd of Sekheano {vamp, rElec rC+
                  | Stlth-}
 78853 | Vaults:5 | Noticed a dread lich
 78854 | Vaults:5 | Paralysed by a dread lich for 2 turns
 78886 | Vaults:4 | Killed a dread lich
 78886 | Vaults:4 | Received a gift from Okawaru
 79252 | Vaults:5 | Found Hisuz's Armour Shoppe.
 79263 | Vaults:5 | Got the Guide on Moulding
 79857 | Vaults:5 | Got a silver rune of Zot
 80216 | Vaults:5 | Noticed a dread lich
 80234 | Vaults:5 | Killed a dread lich
 80993 | Zot:1    | Entered Level 1 of the Realm of Zot
 81717 | Zot:1    | Received a gift from Okawaru
 82713 | Zot:2    | Identified the +0 steam dragon scales of the Will of the
                  | Gods {god gift, rPois rCorr Int+4 Slay-2} (Okawaru gifted
                  | it to you on level 2 of the Realm of Zot)
 82713 | Zot:2    | Received a gift from Okawaru
 83172 | Zot:2    | Noticed an orb of fire
 83172 | Zot:2    | Gained mutation: You tend to lose your temper in combat.
                  | [an orb of fire]
 83175 | Zot:2    | Gained mutation: Your magical capacity is low. (-10% MP)
                  | [an orb of fire]
 83188 | Zot:2    | Gained mutation: Armour fits poorly on your strangely
                  | shaped body. [an orb of fire]
 83190 | Zot:2    | Gained mutation: Potions are less effective at restoring
                  | your health. [an orb of fire]
 83192 | Zot:2    | Killed an orb of fire
 83193 | Zot:2    | Lost mutation: Your magical capacity is low. (-10% MP)
                  | [potion of mutation]
 83193 | Zot:2    | Lost mutation: Potions are less effective at restoring your
                  | health. [potion of mutation]
 83193 | Zot:2    | Gained mutation: You are frail. (-10% HP) [potion of
                  | mutation]
 83193 | Zot:2    | Gained mutation: Your muscles are strong. (Str +2) [potion
                  | of mutation]
 83194 | Zot:2    | Lost mutation: You are frail. (-10% HP) [potion of
                  | mutation]
 83194 | Zot:2    | Lost mutation: You passively map a small area around you.
                  | [potion of mutation]
 83194 | Zot:2    | Gained mutation: You sometimes lose the ability to read
                  | scrolls when taking damage. [potion of mutation]
 83194 | Zot:2    | Gained mutation: Your flesh is cold resistant. (rC+)
                  | [potion of mutation]
 83194 | Zot:2    | Gained mutation: Your muscles are very strong. (Str +4)
                  | [potion of mutation]
 83195 | Zot:2    | Lost mutation: You sometimes lose the ability to read
                  | scrolls when taking damage. [potion of mutation]
 83195 | Zot:2    | Lost mutation: Armour fits poorly on your strangely shaped
                  | body. [potion of mutation]
 83195 | Zot:2    | Lost mutation: Your muscles are very strong. (Str +4)
                  | [potion of mutation]
 83195 | Zot:2    | Gained mutation: A frigid envelope surrounds you and
                  | freezes all who hurt you. [potion of mutation]
 83195 | Zot:2    | Gained mutation: Your flesh is very cold resistant. (rC++)
                  | [potion of mutation]
 83195 | Zot:2    | Gained mutation: Your flesh is almost immune to the effects
                  | of cold. (rC+++) [potion of mutation]
 84167 | Zot:3    | Reached XP level 26. HP: 176/239 MP: 1/35
 84906 | Zot:3    | Noticed a Killer Klown
 84915 | Zot:3    | Killed a Killer Klown
 85007 | Zot:3    | Noticed an orb of fire
 85010 | Zot:3    | Gained mutation: You sometimes lose the ability to read
                  | scrolls when taking damage. [an orb of fire]
 85012 | Zot:3    | Gained mutation: You are occasionally teleported next to
                  | monsters. [an orb of fire]
 85016 | Zot:3    | Gained mutation: You are dopey. (Int -2) [an orb of fire]
 85018 | Zot:3    | Lost mutation: Your muscles are strong. (Str +2) [an orb of
                  | fire]
 85021 | Zot:3    | Received a gift from Okawaru
 85022 | Zot:3    | Gained mutation: Your magical capacity is low. (-10% MP)
                  | [an orb of fire]
 85023 | Zot:3    | Killed an orb of fire
 85200 | Zot:3    | Lost mutation: You are dopey. (Int -2) [potion of mutation]
 85200 | Zot:3    | Lost mutation: You are partially covered in iridescent
                  | scales. (AC +2) [potion of mutation]
 85200 | Zot:3    | Gained mutation: You often lose your temper in combat.
                  | [potion of mutation]
 85200 | Zot:3    | Gained mutation: You expend magic power (3 MP) to
                  | strengthen your wands. [potion of mutation]
 85201 | Zot:3    | Lost mutation: You expend magic power (3 MP) to strengthen
                  | your wands. [potion of mutation]
 85201 | Zot:3    | Lost mutation: Your spells are a little easier to cast, but
                  | a little less powerful. [potion of mutation]
 85201 | Zot:3    | Lost mutation: You are occasionally teleported next to
                  | monsters. [potion of mutation]
 85681 | Vaults:2 | Lost mutation: Your magical capacity is low. (-10% MP)
                  | [potion of mutation]
 85681 | Vaults:2 | Lost mutation: You sometimes lose the ability to read
                  | scrolls when taking damage. [potion of mutation]
 85681 | Vaults:2 | Lost mutation: Your flesh is almost immune to the effects
                  | of cold. (rC+++) [potion of mutation]
 85681 | Vaults:2 | Gained mutation: You have hidden genetic potential. [potion
                  | of mutation]
 85681 | Vaults:2 | Gained mutation: Your body sometimes deteriorates upon
                  | taking damage. [potion of mutation]
 88640 | Temple   | Fell from the grace of Okawaru
 88640 | Temple   | Became a worshipper of the Shining One
 88949 | Crypt:1  | Entered Level 1 of the Crypt
 89191 | Crypt:1  | Reached * piety under the Shining One
 89370 | Crypt:1  | Reached ** piety under the Shining One
 89514 | Crypt:1  | Noticed Boris
 89524 | Crypt:1  | Killed Boris
 89660 | Crypt:1  | You fall into a shaft and drop 1 floor!
 89799 | Crypt:1  | Reached *** piety under the Shining One
 90202 | Crypt:1  | Reached **** piety under the Shining One
 90671 | Crypt:2  | Reached ***** piety under the Shining One
 90860 | Crypt:2  | Reached ****** piety under the Shining One
 90864 | Crypt:2  | Identified a +9 broad axe of holy wrath (a +7 vorpal broad
                  | axe blessed by the Shining One)
 90864 | Crypt:2  | Received a gift from the Shining One
 91266 | Crypt:2  | Reached XP level 27. HP: 242/248 MP: 35/35
 91701 | Crypt:3  | Entered Level 3 of the Crypt
 91709 | Crypt:3  | Noticed Boris
 92846 | Orc:1    | Killed a juggernaut
 93023 | Elf:3    | Killed frustraionsimulator's ghost
 93864 | Depths:3 | Gained mutation: You are agile. (Dex +2) [hidden potential]
 94315 | Depths:3 | Identified the ring "Qeuciw" {Ice Dex+2 SInv}
 94449 | Depths:3 | Found a runed translucent door.
 94883 | Depths:3 | Got the Handbook of the Birds
 94887 | Depths:3 | Got the Catalogue of Stones
 94891 | Depths:3 | Got the Reference Book on Flames
 94893 | Depths:3 | Got the Disquisition on Ice
 95002 | Depths:3 | Killed Himmaryad's ghost
 95642 | Crypt:3  | Killed Boris
 95643 | Crypt:3  | Reached skill level 27 in Shields
 95962 | Crypt:3  | Found a staircase to the Tomb.
 96252 | Crypt:3  | Noticed an ancient lich
 96252 | Crypt:3  | Noticed a dread lich
 96263 | Crypt:3  | Killed an ancient lich
 96269 | Crypt:3  | Killed a dread lich
 96289 | Crypt:3  | Identified the +7 quarterstaff "Hydraslayer" {venom, *Noise
                  | MP+9 Int+7 Stlth+}
 96295 | Crypt:3  | Identified the +2 ice dragon scales of Tuudoha {rPois rF-
                  | rC++ rN+ rCorr Str-2}
 96987 | Orc:2    | Bought an amulet of regeneration for 420 gold pieces
 97269 | Depths:1 | Voluntarily entered the Abyss.
 97576 | Abyss:3  | Paralysed by accursed screaming for 1 turns
 97592 | Abyss:3  | Reached skill level 15 in Throwing
 97592 | Abyss:3  | Got an abyssal rune of Zot
 97596 | Depths:1 | Escaped the Abyss
 97697 | Pan      | Entered Pandemonium
 97819 | Pan      | Noticed Fipnoell the pandemonium lord
 97839 | Pan      | Killed Fipnoell the pandemonium lord
 98001 | Pan      | Noticed Keimia Oherch the pandemonium lord
 98016 | Pan      | Killed Keimia Oherch the pandemonium lord
 98027 | Pan      | Was forgiven by Okawaru
 98078 | Pan      | Identified the +2 robe of the Fife {rF+ Will+ MP-9 Int+5}
 98321 | Pan      | Noticed Foph the pandemonium lord
 98340 | Pan      | Killed Foph the pandemonium lord
 98830 | Pan      | Noticed Pofon the pandemonium lord
 99070 | Pan      | Noticed Yjyroloa the pandemonium lord
 99074 | Pan      | Gained mutation: You are partially covered in iridescent
                  | scales. (AC +2) [hidden potential]
 99074 | Pan      | Lost mutation: You have hidden genetic potential. [hidden
                  | potential expressed]
 99089 | Pan      | Killed Yjyroloa the pandemonium lord
 99266 | Pan      | Got a demonic rune of Zot
 99589 | Pan      | Entered the realm of Cerebov.
 99983 | Pan      | Identified the ring of Dinolecs {rPois Str-4 Dex+3 SInv}
100413 | Pan      | Identified the amulet "Mustru Avva" {rElec rC- rN++ Regen+
                  | Dex+4 SInv}
100429 | Pan      | Identified the +5 ring mail of Zorhav {rPois Int-5 Stlth+}
100584 | Pan      | Found the +6 sword of Cerebov {flame}
100584 | Pan      | Noticed Cerebov
100608 | Pan      | Killed Cerebov
100681 | Pan      | Identified the +8 dagger of a bazaar {flame, Str+5 Stlth+}
100683 | Pan      | Got the Reference Book on Dislocation
100686 | Pan      | Got Lij Heol's Handbook of Fiery Flight
100780 | Pan      | Got a fiery rune of Zot
100898 | Depths:2 | Escaped Pandemonium
101690 | Pan      | Entered the realm of Gloorx Vloq.
101690 | Pan      | Entered Pandemonium
102369 | Pan      | Noticed Gloorx Vloq
102396 | Pan      | Killed Gloorx Vloq
102487 | Pan      | Got a dark rune of Zot
102557 | Pan      | Entered the realm of Lom Lobon.
102584 | Pan      | Identified the +5 broad axe "Jelly's Undoing" {flame, Drain
                  | rF+++ rN+++ Int+4}
102981 | Pan      | Noticed Mennas
102994 | Pan      | Killed Mennas
103084 | Pan      | Noticed Lom Lobon
103102 | Pan      | Killed Lom Lobon
103165 | Pan      | Got a magical rune of Zot
103465 | Pan      | Entered the realm of Mnoleg.
103557 | Pan      | Gained mutation: You are weak. (Str -2) [a cacodemon]
103590 | Pan      | Gained mutation: You sometimes lose the ability to read
                  | scrolls when taking damage. [a cacodemon]
103592 | Pan      | Lost mutation: You are weak. (Str -2) [potion of mutation]
103592 | Pan      | Lost mutation: A frigid envelope surrounds you and freezes
                  | all who hurt you. [potion of mutation]
103592 | Pan      | Lost mutation: You often lose your temper in combat.
                  | [potion of mutation]
103592 | Pan      | Lost mutation: Your flesh is very cold resistant. (rC++)
                  | [potion of mutation]
103592 | Pan      | Gained mutation: You are resistant to electric shocks.
                  | (rElec) [potion of mutation]
103650 | Pan      | Reached skill level 27 in Invocations
103732 | Pan      | Noticed Mnoleg
103742 | Pan      | Gained mutation: Your spells are a little easier to cast,
                  | but a little less powerful. [Mnoleg's mutagenic touch]
103760 | Pan      | Killed Mnoleg
103767 | Pan      | Got a glowing rune of Zot
103817 | Pan      | Gained mutation: Your body often deteriorates upon taking
                  | damage. [a cacodemon]
103931 | Pan      | Lost mutation: Your body often deteriorates upon taking
                  | damage. [potion of mutation]
103931 | Pan      | Lost mutation: You are agile. (Dex +2) [potion of mutation]
103931 | Pan      | Lost mutation: Your body sometimes deteriorates upon taking
                  | damage. [potion of mutation]
104020 | Pan      | Identified the +11 scythe of the Poles {vorpal, Will+}
104150 | Pan      | Lost mutation: Your spells are a little easier to cast, but
                  | a little less powerful. [a cacodemon]
104214 | Pan      | Noticed Riamai Geigo the pandemonium lord
104231 | Pan      | Found an exit through the horrors of the Abyss.
104241 | Pan      | Took an exit into the Abyss.
104241 | Abyss:1  | Escaped into the Abyss
104271 | Depths:2 | Escaped the Abyss
104311 | Hell     | Entered the Vestibule of Hell
104311 | Hell     | Noticed Geryon
104317 | Hell     | Noticed Murray
104328 | Hell     | Killed Geryon
104330 | Hell     | Killed Murray
104588 | Hell     | Found a gateway to the decaying netherworld of Tartarus.
104609 | Hell     | Paralysed by a vampire knight for 4 turns
104645 | Hell     | Found a gateway to the freezing wastes of Cocytus.
104787 | Hell     | Found a gateway to the Iron City of Dis.
104953 | Hell     | Found a gateway to the ashen valley of Gehenna.
105054 | Zig:1    | Entered Level 1 of a ziggurat
105065 | Zig:1    | Identified the +3 leather armour of Asceticism {+Inv Will-
                  | MP+9 Str+3}
105071 | Zig:2    | Entered Level 2 of a ziggurat
105104 | Zig:3    | Entered Level 3 of a ziggurat
105154 | Zig:3    | Identified the ring of Zubit {rF+ rC++ Will+ Slay-6}
105176 | Zig:4    | Entered Level 4 of a ziggurat
105223 | Zig:5    | Entered Level 5 of a ziggurat
105269 | Zig:5    | Got the Incunabulum of Frigorific Combat Magic
105272 | Zig:5    | Identified the +4 falchion of the Bear {vorpal, *Slow rPois
                  | rC++ Str-4}
105277 | Zig:6    | Entered Level 6 of a ziggurat
105282 | Zig:6    | Noticed a royal mummy
105292 | Zig:6    | Killed a royal mummy
105302 | Zig:6    | Identified the +11 rapier of the Shrike {holy, rF+}
105303 | Zig:6    | Identified the +0 long sword "Wanwoq" {flame, rN++}
105323 | Zig:6    | Identified the +9 hand crossbow of Wobyir {vorpal, Int+9
                  | Dex-4 Stlth+}
105398 | Zig:7    | Entered Level 7 of a ziggurat
105455 | Zig:8    | Entered Level 8 of a ziggurat
105460 | Zig:8    | Noticed Esall the pandemonium lord
105480 | Zig:8    | Killed Esall the pandemonium lord
105491 | Zig:8    | Identified the +1 robe of Antique Wonder {Rampage rF- rCorr
                  | Str+6}
105554 | Zig:9    | Entered Level 9 of a ziggurat
105572 | Zig:9    | Reached skill level 27 in Fighting
105572 | Zig:9    | Noticed a royal mummy
105576 | Zig:9    | Killed a royal mummy
105607 | Zig:9    | Identified the +4 shortbow "Notaosag" {freeze, Str+3}
105642 | Zig:10   | Entered Level 10 of a ziggurat
105649 | Zig:10   | Found the ring of the Octopus King
105671 | Zig:10   | Identified a ring of the Octopus King {Fly AC+1 EV+1 Str+1
                  | Int+1 Dex+1}
105674 | Zig:10   | Identified the +8 long sword of the Hidden Ghosts {speed,
                  | Dex+4}
105694 | Zig:11   | Entered Level 11 of a ziggurat
105705 | Zig:11   | Noticed an ancient lich
105719 | Zig:11   | Killed an ancient lich
105768 | Zig:11   | Lost mutation: You are resistant to electric shocks.
                  | (rElec) [potion of mutation]
105768 | Zig:11   | Lost mutation: You tend to lose your temper in combat.
                  | [potion of mutation]
105768 | Zig:11   | Lost mutation: You are partially covered in iridescent
                  | scales. (AC +2) [potion of mutation]
105768 | Zig:11   | Gained mutation: You are partially covered in large bone
                  | plates. (SH +4) [potion of mutation]
105768 | Zig:11   | Gained mutation: Your mind is acute. (Int +2) [potion of
                  | mutation]
105796 | Zig:12   | Entered Level 12 of a ziggurat
106304 | Tomb:1   | Entered Level 1 of the Tomb of the Ancients
106370 | Tomb:1   | Noticed Boris
106378 | Tomb:1   | Killed Boris
106410 | Tomb:1   | Noticed Jory
106418 | Tomb:1   | Killed Jory
106853 | Tomb:1   | Noticed a royal mummy
106853 | Tomb:1   | Noticed a royal mummy
106895 | Tomb:1   | Killed a royal mummy
106899 | Tomb:1   | Killed a royal mummy
107011 | Tomb:1   | Noticed a royal mummy
107023 | Tomb:1   | Killed a royal mummy
107393 | Tomb:1   | Identified the +2 buckler of Immorality {-Cast rN++ Str+3}
108927 | Tomb:2   | Noticed a royal mummy
108935 | Tomb:2   | Noticed a royal mummy
108937 | Tomb:2   | Noticed a royal mummy
108938 | Tomb:2   | Noticed a royal mummy
108939 | Tomb:2   | Noticed Mara
108941 | Tomb:2   | Killed a royal mummy
108941 | Tomb:2   | Killed a royal mummy
108941 | Tomb:2   | Killed a royal mummy
108942 | Tomb:2   | Killed a royal mummy
108952 | Tomb:2   | Noticed fictitious's illusion
109134 | Tomb:2   | Noticed fictitious's illusion
109147 | Tomb:2   | Killed Mara
109476 | Tomb:2   | Lost mutation: Your flesh is cold resistant. (rC+) [potion
                  | of mutation]
109476 | Tomb:2   | Lost mutation: Your mind is acute. (Int +2) [potion of
                  | mutation]
109476 | Tomb:2   | Lost mutation: You sometimes lose the ability to read
                  | scrolls when taking damage. [potion of mutation]
109476 | Tomb:2   | Gained mutation: You are robust. (+10% HP) [potion of
                  | mutation]
109476 | Tomb:2   | Gained mutation: You are covered in fur. (AC +1) [potion of
                  | mutation]
109582 | Tomb:1   | Noticed a royal mummy
109582 | Tomb:1   | Noticed a royal mummy
109582 | Tomb:1   | Noticed a royal mummy
109586 | Tomb:1   | Noticed a royal mummy
109590 | Tomb:1   | Killed a royal mummy
109598 | Tomb:1   | Killed a royal mummy
109600 | Tomb:1   | Killed a royal mummy
109600 | Tomb:1   | Noticed a royal mummy
109604 | Tomb:1   | Killed a royal mummy
109605 | Tomb:1   | Noticed a royal mummy
109612 | Tomb:1   | Killed a royal mummy
109615 | Tomb:1   | Killed a royal mummy
109617 | Tomb:1   | Noticed a royal mummy
109624 | Tomb:1   | Killed a royal mummy
109637 | Tomb:1   | Noticed a royal mummy
109644 | Tomb:1   | Killed a royal mummy
109697 | Tomb:1   | Noticed a royal mummy
109707 | Tomb:1   | Killed a royal mummy
109809 | Tomb:1   | Noticed a royal mummy
109825 | Tomb:1   | Killed a royal mummy
109957 | Tomb:1   | Noticed a royal mummy
109962 | Tomb:1   | Noticed a royal mummy
109966 | Tomb:1   | Killed a royal mummy
109974 | Tomb:1   | Killed a royal mummy
110129 | Tomb:1   | Noticed a royal mummy
110139 | Tomb:1   | Killed a royal mummy
110145 | Tomb:1   | Noticed a royal mummy
110151 | Tomb:1   | Killed a royal mummy
110241 | Tomb:1   | Noticed a royal mummy
110264 | Tomb:1   | Killed a royal mummy
110331 | Tomb:1   | Noticed a royal mummy
110340 | Tomb:1   | Killed a royal mummy
110820 | Tomb:3   | Entered Level 3 of the Tomb of the Ancients
110833 | Tomb:3   | Noticed a royal mummy
110833 | Tomb:3   | Noticed a royal mummy
110834 | Tomb:3   | Noticed Khufu
111014 | Tomb:3   | Noticed a royal mummy
111017 | Tomb:3   | Noticed a royal mummy
111017 | Tomb:3   | Noticed a royal mummy
111018 | Tomb:3   | Noticed a royal mummy
111021 | Tomb:3   | Found the dreamshard necklace {*Dream Drain}
111021 | Tomb:3   | Noticed a royal mummy
111021 | Tomb:3   | Noticed a royal mummy
111021 | Tomb:3   | Noticed a royal mummy
111021 | Tomb:3   | Noticed Boris
111021 | Tomb:3   | HP: 6/300 [mummy priest/divine providence (11)]
111026 | Tomb:3   | HP: 12/300 [death scarab[a royal mummy] (14)]
111052 | Tomb:3   | Killed a royal mummy
111061 | Tomb:3   | Killed a royal mummy
111066 | Tomb:3   | Killed Boris
111078 | Tomb:3   | Killed a royal mummy
111079 | Tomb:3   | Reached skill level 27 in Axes
111083 | Tomb:3   | Killed a royal mummy
111090 | Tomb:3   | Got a golden rune of Zot
111126 | Tomb:3   | Killed a royal mummy
111151 | Tomb:3   | Killed a royal mummy
111322 | Tomb:3   | Killed a royal mummy
111326 | Tomb:3   | Killed a royal mummy
111383 | Tomb:3   | Killed a royal mummy
111515 | Tomb:3   | Identified the +2 short sword of the Sun {freeze, Contam
                  | Str+8 SInv}
111601 | Tomb:3   | Identified the +0 war axe "Faoxkub" {freeze, rPois rC-
                  | Int+7 Dex+2}
111627 | Tomb:3   | Identified the ring "Gabres" {EV+4 Str-4 Int+2 Slay+4}
111661 | Tomb:3   | Identified the +6 shortbow of No Interval {flame, +Blink
                  | rC- rN+ Dex+8}
111762 | Tomb:3   | Identified the +7 trident of the Apocalypse {freeze, Fly
                  | Int+5}
111772 | Tomb:3   | Got the Almanac of Creation
111776 | Tomb:3   | Identified the +0 leather armour of Ashenzari's Delight
                  | {rPois rN+ Str+4 Int+4}
111805 | Tomb:3   | Identified the +9 chain mail "Cuebiwis" {rElec rF++ Str-2
                  | SInv}
111807 | Tomb:3   | Identified the ring "Carezxu" {Fly Str+6 Dex+4 SInv}
111888 | Tomb:3   | Killed Khufu
112538 | Coc:1    | Entered Level 1 of Cocytus
112539 | Coc:1    | Noticed an ancient lich
112675 | Hell     | Killed an ancient lich
113100 | Coc:3    | Paralysed by a wendigo for 1 turns
113672 | Coc:4    | Paralysed by a wendigo for 1 turns
113804 | Coc:5    | You are sucked into a shaft and drop 1 floor!
113832 | Coc:6    | Paralysed by a wendigo for 1 turns
113837 | Coc:6    | Paralysed by a wendigo for 1 turns
114243 | Coc:5    | Paralysed by a wendigo for 1 turns
114558 | Coc:7    | Entered Level 7 of Cocytus
115419 | Coc:7    | Noticed Antaeus
115454 | Coc:7    | Killed Antaeus
115487 | Coc:7    | Got an icy rune of Zot
115602 | Coc:7    | Paralysed by a wendigo for 1 turns
115806 | Dis:1    | Entered Level 1 of the Iron City of Dis
116815 | Pan      | Entered Pandemonium
117340 | Pan      | Noticed Enaiqaan the pandemonium lord
117353 | Pan      | Killed Enaiqaan the pandemonium lord
117379 | Depths:2 | Escaped Pandemonium
117784 | Dis:7    | Entered Level 7 of the Iron City of Dis
118098 | Dis:7    | Noticed the Serpent of Hell
118150 | Dis:7    | Killed the Serpent of Hell
119000 | Dis:7    | Noticed a juggernaut
119008 | Dis:7    | Killed a juggernaut
119012 | Dis:7    | Found the +4 staff of Dispater
119012 | Dis:7    | Noticed Dispater
119041 | Dis:7    | Killed Dispater
119098 | Dis:7    | Identified the +7 fustibalus "Kongeuf" {venom, rPois}
119102 | Dis:7    | Got an iron rune of Zot
119415 | Tar:1    | Entered Level 1 of Tartarus
119419 | Tar:1    | Noticed a dread lich
119434 | Tar:1    | Killed a dread lich
120066 | Tar:5    | Noticed a juggernaut
120074 | Tar:5    | Killed a juggernaut
120087 | Tar:5    | Noticed a juggernaut
120095 | Tar:5    | Noticed a juggernaut
120109 | Tar:5    | Killed a juggernaut
120117 | Tar:5    | Killed a juggernaut
120698 | Tar:7    | Entered Level 7 of Tartarus
120702 | Tar:7    | Noticed a dread lich
120712 | Tar:7    | Killed a dread lich
120713 | Tar:7    | Reached skill level 27 in Armour
120764 | Tar:7    | Noticed a dread lich
120766 | Tar:7    | Paralysed by a dread lich for 7 turns
120776 | Tar:7    | Killed a dread lich
121139 | Tar:7    | Noticed Ereshkigal
121162 | Tar:7    | Killed Ereshkigal
121202 | Tar:7    | Got a bone rune of Zot
121355 | Geh:1    | Entered Level 1 of Gehenna
121690 | Geh:3    | You are sucked into a shaft and drop 1 floor!
123403 | Geh:7    | Entered Level 7 of Gehenna
124494 | Geh:7    | Found the +7 sceptre of Asmodeus
124494 | Geh:7    | Identified the +1 fire dragon scales "Louffel" {Harm rF++
                  | rC- Will- Str-3 SInv}
124494 | Geh:7    | Noticed Asmodeus
124511 | Geh:7    | Killed Asmodeus
124514 | Geh:7    | Identified the ring of Pecaaphe {Fire rN+ Will- Str+10}
124529 | Geh:7    | Got an obsidian rune of Zot
124987 | Slime:1  | Entered Level 1 of the Pits of Slime
125205 | Slime:4  | Gained mutation: Armour fits poorly on your strangely
                  | shaped body. [a shining eye]
125215 | Slime:5  | Entered Level 5 of the Pits of Slime
125292 | Slime:5  | Noticed the Royal Jelly
125795 | Slime:5  | Found a viscous altar of Jiyva.
125847 | Slime:5  | Killed the Royal Jelly
125984 | Slime:5  | Identified the +2 scale mail of the Everdark {Rampage MP+9
                  | Int+3 SInv}
126033 | Slime:5  | Identified the ring "Zoal" {Fly rF+ rN+ Str-3 Dex+8}
126039 | Slime:5  | Got a slimy rune of Zot
126046 | Slime:5  | Identified the +0 plate armour "Vyfuiruj" {Rampage *Corrode
                  | rF++ Stlth+}
126559 | Zot:5    | Entered Level 5 of the Realm of Zot
126606 | Zot:5    | Noticed an orb of fire
127103 | Zot:5    | Found a runed translucent gate.
127104 | Zot:5    | Found a runed translucent gate.
127105 | Zot:5    | Found a runed translucent gate.
127116 | Zot:5    | Noticed fictitious's ghost (legendary MfGl)
127336 | Zot:5    | Noticed a dread lich
127342 | Zot:5    | Killed a dread lich
127343 | Zot:5    | Reached skill level 27 in Dodging
127446 | Zot:5    | Noticed an orb of fire
127464 | Zot:5    | Killed an orb of fire
127469 | Zot:5    | Noticed a dread lich
127471 | Zot:5    | Noticed an orb of fire
127473 | Zot:5    | Noticed an orb of fire
127478 | Zot:5    | Killed an orb of fire
127482 | Zot:5    | Gained mutation: You are dopey. (Int -2) [an orb of fire]
127483 | Zot:5    | Killed an orb of fire
127484 | Zot:5    | Noticed a dread lich
127487 | Zot:5    | Noticed an ancient lich
127670 | Zot:5    | Noticed a dread lich
127679 | Zot:5    | Killed a dread lich
127684 | Zot:5    | Killed a dread lich
127688 | Zot:5    | Killed a dread lich
127689 | Zot:5    | Killed an ancient lich
128543 | Zot:5    | Got the Orb of Zot
128627 | Zot:4    | Noticed Gumaitis the pandemonium lord
128723 | Zot:1    | Noticed Oklulifo the pandemonium lord
129003 | D:8      | Identified the +8 tower shield of Qazlal's Benevolence
                  | {Str+4}
129189 | D:$      | Escaped with the Orb!

Illustrated notes

Levels and vault maps discovered:
D:1:      lemuel_arrival_river_ford, layout_rooms,
          hellmonk_ecumenical_altar_slurped_away, minivault_14, grunt_decor_cap,
          minmay_lizard_king
D:2:      wander_river, layout_loops_cross, uniq_natasha
D:3:      layout_loops_ring, serial_shops, shop
D:4:      layout_basic
D:5:      layout_basic, minmay_temple_entry_ruins, kennysheep_diamond,
          amcnicky_mini_pool_small, corexii_shack
D:6:      layout_basic, grunt_decor_resistance, uniq_blork_the_orc
D:7:      layout_loops_corners, lemuel_round_altar, serial_shops, shop
D:8:      layout_loops_ring, minmay_statues_item, uniq_erica
D:9:      layout_basic, due_lair_maze_entry_diamond
D:10:     layout_long_grid, david_orc_2, kennysheep_decorative_pillar,
          uniq_maggie
D:11:     layout_loops_cross, lightli_church_of_beogh
D:12:     lemuel_castle_with_subvaults [lemuel_castle_interior_carwin_2],
          layout_irregular_city, disabler_island, uniq_gastronok
D:13:     layout_cave_pools, skrybe_vaults_entry_preservation
D:14:     layout_basic
D:15:     gammafunk_depths_entry_grave, layout_basic,
          gammafunk_ghost_hydra_chop, kennysheep_doodads
Temple:   mainiacjoe_temple_archimedes_tessellation
Lair:1:   layout_cave_pods, gammafunk_ghost_split, roderic_batcave,
          lemuel_fruit_fields, serial_bayou_shore_a
Lair:2:   layout_roguey
Lair:3:   layout_loops_ring, minmay_swamp_entry_worms, gammafunk_ghost_split,
          uniq_snorg, uniq_rupert
Lair:4:   layout_layer_cave, spider_nest_entry_a
Lair:5:   layout_gridlike, dpeg_slime_entry_enclosed_altar, serial_bayou_ford_a,
          dreamdust_deal_with_the_devil, grunt_megastairs_4, uniq_urug
Lair:6:   cheibrodos_lair_end_hotspot, layout_regular_city,
          ebering_ghost_inner_flame, lemuel_fruit_fields
Swamp:1:  layout_basic_swamp, evilmike_swamp_ruin_house_5
Swamp:2:  layout_basic_swamp, serial_swamp_ruin, evilmike_swamp_ruin_house_4,
          evilmike_swamp_ruin_house_2, evilmike_swamp_ruin_house_1
Swamp:3:  layout_basic_swamp, nicolae_swamp_treefoil, infiniplex_staircase_pool
Swamp:4:  grunt_swamp_rune_castle, layout_basic_swamp
Spider:1: layout_spider_delve, uniq_donald
Spider:2: layout_spider_delve
Spider:3: layout_cave_pods, hangedman_spider_tarantella_strand, uniq_azrael,
          uniq_kirke
Spider:4: spider_rune_water, nicolae_spider_eight_legs
Slime:1:  layout_caves
Slime:2:  layout_caves
Slime:3:  layout_caves
Slime:4:  layout_caves
Slime:5
Orc:1:    cheibrodos_orc_arena, layout_caves, basic_altar, hellmonk_jugg_or_not,
          uniq_josephine
Orc:2:    kennysheep_orc_mage_school, layout_caves, guppyfry_library_mini
Elf:1:    minmay_elf_arrival_circle, layout_geoelf_diagonals,
          portal_ice_cave_entry_frozen_things, serial_shops, shop,
          nicolae_shop_bloodbath_and_beyond, minivault_28,
          evilmike_spriggan_trog_shrine, uniq_jorgrun
Elf:2:    elven_hall_of_blades_hangedman_original
          [nicolae_blade_entry_hurt_lockers], layout_rooms
Elf:3:    minmay_elf_hall_spiked, layout_geoelf_diagonals,
          gammafunk_ghost_wrathful_warriors, minmay_elf_necromancy
Vaults:1: ontoclasm_vaults_shuriken, nicolae_vaults_stairing_the_circle,
          vaults_room_grid, hangedman_vaults_restitches, ontoclasm_vaults_pinch,
          vaults_mumra_minichess, v_misc_3,
          vaults_room_grunt_arrival_checkpoint, v_alt_pattern_5, v_misc_22,
          ontoclasm_vaults_loading_screen, layout_vaults_omnicross,
          serial_shops, shop_coins
Vaults:2: ontoclasm_vaults_hangar, vaults_room_large_hall,
          hangedman_vaults_snaps, ontoclasm_vaults_hangar, vaults_room_hallway,
          ontoclasm_vaults_ligature, nicolae_vaults_sealed_display,
          dpeg_vaults_monster_box, layout_vaults_quadrants
Vaults:3: minmay_crypt_entry_skeletal_spiral, nicolae_vaults_little_squares_2,
          vaults_mumra_lcd, grunt_vaults_bifocal, ontoclasm_vaults_bender,
          v_misc_29, nicolae_vaults_network_periphery, vaults_standard_mumra_x,
          ontoclasm_vaults_misaligned, v_misc_16, v_misc_30, vaults_room_pools,
          layout_vaults_omnibox
Vaults:4: v_misc_14, nicolae_vaults_big_ls, vaults_dpeg_hooks,
          vaults_dpeg_cross, nicolae_vaults_specimen_jars, v_alt_pattern_2,
          layout_vaults_chaotic_city, uniq_frederick
Vaults:5
Crypt:1:  layout_catacombs, weyrava_lich_vault
Crypt:2:  hangedman_screamer, layout_chaotic_city
Crypt:3:  david_glass_crypt, layout_gridlike, tomb_entry_sphere_bobbens,
          fountainhead, ebering_dispersal_statue_hall,
          nicolae_crypt_twisting_catacombs
Tomb:1:   uniq_boris, uniq_jory
Tomb:2:   uniq_mara
Tomb:3:   uniq_khufu
Depths:1: minmay_containers, layout_basic,
          nicolae_hell_entry_hellmouth_sunbeams, fedhas_altar_3,
          hangedman_abyss_entry_splay, lemuel_nasty_fountain, uniq_enchantress,
          uniq_bai_suzhen
Depths:2: minmay_the_grid_triangle_9x9_rhombus_thin_mashed
          [minmay_the_grid_triangle_9x9_odd_lines,
          minmay_the_grid_triangle_9x9_prize_center,
          minmay_the_grid_triangle_9x9_corruption,
          minmay_the_grid_triangle_9x9_from_above], layout_cave_pools,
          enter_ziggurat_c, corexii_leaking_fountain, pan_entry,
          hangedman_geh_valley, abyss_entry, serial_shops, kennysheep_mini,
          minmay_staircase_windowed_large
Depths:3: mu_elemental_laboratory, layout_cave_shapes, abyss_entry,
          pf_hell_entry_tar_river, gammafunk_ghost_ooze,
          nicolae_ashenzari_skybound, kennysheep_generic_room_6,
          infiniplex_staircase_pool_1
Depths:4: hangedman_spin_cycle, pan_entry, abyss_entry, serial_shops, hell_entry
Hell
Dis:1:    layout_subdivisions
Dis:2:    layout_subdivisions, nicolae_dis_step_into_the_octagon
Dis:3:    layout_regular_city
Dis:4:    layout_jigsaw, nicolae_hells_fiendish_ambush
Dis:5:    layout_subdivisions, nicolae_dis_having_a_grate_time
Dis:6:    layout_subdivisions
Dis:7:    dis_hangedman
Geh:1:    layout_gehenna_pools_box
Geh:2:    layout_gehenna_pools_triple
Geh:3:    layout_gehenna_lava_caves
Geh:4:    layout_gehenna_pools_triple, nicolae_geh_fiery_graves
          [nicolae_geh_single_fiery_grave, nicolae_geh_single_fiery_grave,
          nicolae_geh_single_fiery_grave, nicolae_geh_single_fiery_grave,
          nicolae_geh_single_fiery_grave, nicolae_geh_single_fiery_grave,
          nicolae_geh_single_fiery_grave, nicolae_geh_single_fiery_grave,
          nicolae_geh_single_fiery_grave]
Geh:5:    layout_gehenna_pools_triple, nicolae_geh_lava_rosette
Geh:6:    layout_gehenna_pools_triple
Geh:7:    geh_grunt_pentagon
Coc:1:    nicolae_coc_caina, layout_ice_bergs
Coc:2:    layout_cocytus_water_paths, serial_ice
Coc:3:    nicolae_coc_through_the_icewall, layout_cocytus_delve
Coc:4:    layout_cocytus_delve
Coc:5:    layout_cocytus_water_paths
Coc:6:    layout_cocytus_water_paths
Coc:7:    coc_mu
Tar:1:    layout_honeycomb, nicolae_tar_cuneiform_bird
Tar:2:    layout_catacombs, nicolae_tar_stay_or_leave
Tar:3:    layout_grid_maze, nicolae_tar_cuneiform_city
Tar:4:    layout_grid_maze, nicolae_tar_cuneiform_two
Tar:5:    nicolae_hells_titanomachy
Tar:6:    layout_grid_maze
Tar:7:    tar_old
Zot:1:    kennysheep_room_grid, layout_basic
Zot:2:    layout_gridlike, grunt_megastairs_2
Zot:3:    layout_gridlike, st_stairs_10, zot_minivault_1
Zot:4:    layout_concentric_octagons, nicolae_lava_and_water
Zot:5:    layout_misc_corridors, gammafunk_ghost_tricky_traps,
          grunt_ministairs_9, nrook_zot_tub

Skill      XL: |  1  2  3  4  5  6  7  8  9 10 11 12 13 14 15 16 17 18 19 20 21 22 23 24 25 26 27 |
---------------+----------------------------------------------------------------------------------+-----
Axes           | 3 4 5 6 8 9 10 12 15 16 17 18 20 21 27 | 27.0
Fighting       | 4 5 6 7 8 10 11 12 13 14 16 17 19 20 27 | 27.0
Shields        | 4 6 7 8 10 11 12 13 14 16 17 18 19 20 21 23 26 27 | 27.0
Armour         | 4 5 6 7 8 10 11 12 13 14 16 17 18 19 20 27 | 27.0
Invocations    | 1 5 6 8 11 12 13 14 16 27 | 27.0
Dodging        | 3 5 6 7 9 10 11 14 16 27 | 27.0
Slings         | 2 5 7 |  7.9
Evocations     | 4 6 8 9 10 | 10.0
Throwing       | 3 5 7 8 9 10 11 13 25 | 25.8

Action                   |  1- 3 |  4- 6 |  7- 9 | 10-12 | 13-15 | 16-18 | 19-21 | 22-24 | 25-27 || total
-------------------------+-------+-------+-------+-------+-------+-------+-------+-------+-------++-------
Melee: War axe           |   114 |   125 |   306 |   559 |   751 |   787 |    29 |       |       ||  2671
       Punch             |     3 |     3 |       |       |       |       |       |       |       ||     6
       Unarmed           |       |       |       |    14 |       |       |       |       |       ||    14
       Broad axe         |       |       |       |       |       |   512 |  1225 |  1551 |  6228 ||  9516
 Fire: Hunting sling     |       |       |    27 |    46 |   402 |   407 |   476 |     8 |       ||  1366
Throw: Stone             |     8 |    10 |     3 |       |       |       |       |       |       ||    21
       Dart              |       |    20 |    22 |    26 |     7 |       |       |       |       ||    75
       Boomerang         |       |       |       |       |     1 |    62 |    86 |   170 |   374 ||   693
       Javelin           |       |       |       |       |       |       |    26 |    23 |   185 ||   234
Invok: Heroism           |       |       |     6 |    14 |    23 |    24 |    26 |    29 |     7 ||   129
       Finesse           |       |       |       |     3 |     3 |     8 |     8 |    11 |     5 ||    38
       Duel              |       |       |       |       |       |     1 |       |     1 |       ||     2
       Cleansing Flame   |       |       |       |       |       |       |       |       |    88 ||    88
       Brand Weapon With |       |       |       |       |       |       |       |       |     1 ||     1
       Summon Divine War |       |       |       |       |       |       |       |       |    27 ||    27
       Divine Shield     |       |       |       |       |       |       |       |       |    14 ||    14
Evoke: Wand              |       |       |       |     9 |     7 |     5 |     5 |     3 |    17 ||    46
       Condenser vane    |       |       |       |       |     1 |     5 |     3 |     5 |     2 ||    16
       Tin of tremorston |       |       |       |       |       |       |       |     4 |     9 ||    13
       Phantom mirror    |       |       |       |       |       |       |       |       |    10 ||    10
  Use: Potion            |     1 |     2 |     3 |     3 |     1 |     4 |     1 |     5 |    65 ||    85
       Scroll            |       |     1 |     6 |    11 |    11 |    15 |     5 |     2 |    64 ||   115
 Stab: Invisible         |       |       |       |     2 |       |       |       |       |       ||     2
       Sleeping          |       |       |       |     3 |     1 |       |       |       |       ||     4
       Distracted        |       |       |       |       |     2 |       |       |     3 |       ||     5
       Paralysed         |       |       |       |       |       |     1 |       |       |     2 ||     3
Armor: Scale mail        |    72 |    53 |       |    35 |    31 |   135 |    43 |       |       ||   369
       Plate armour      |       |     3 |    82 |   140 |       |    69 |   284 |   372 |    53 ||  1003
       Chain mail        |       |       |    31 |       |       |       |       |       |       ||    31
       Ring mail         |       |       |       |       |   136 |   233 |    30 |       |       ||   399
       Gold dragon scale |       |       |       |       |       |       |       |       |  1825 ||  1825
Dodge: Dodged            |    63 |    55 |    55 |   168 |   188 |   406 |   320 |   350 |  1655 ||  3260
Block: Buckler           |       |       |   146 |   234 |     4 |       |       |       |       ||   384
       Reflection        |       |       |     6 |     2 |    15 |    17 |    32 |    47 |    47 ||   166
       Other             |       |       |       |     2 |       |       |       |       |       ||     2
       Kite shield       |       |       |       |       |   565 |  1171 |   859 |  1117 |   170 ||  3882
       Tower shield      |       |       |       |       |       |       |       |       |  6302 ||  6302
